 Dungeon Crawl Stone Soup version 0.18-b1-22-ge198996 (webtiles) character file.

8820896 varam the Conqueror (level 27, 273/273 HPs)
             Began as a Minotaur Berserker on Apr 30, 2016.
             Was the Champion of Zin.
             Escaped with the Orb
             ... and 15 runes on May 3, 2016!
             The game lasted 1 day 14:54:15 (207023 turns).

varam the Conqueror (Minotaur Berserker)      Turns: 207023, Time: 1 , 14:54:17

Health: 273/273    AC: 41    Str: 53    XL:     27
Magic:  49/49      EV: 18    Int:  1    God:    Zin [******]
Gold:   5211       SH: 38    Dex:  6    Spells: 0 memorised, 72 levels left

rFire  + + +     SeeInvis .     x - +9 sacred scourge (holy)
rCold  + + +     Gourm    .     B - +10 pearl dragon armour
rNeg   + + +     Faith    .     s - +6 large shield {reflect}
rPois  +         Spirit   .     P - +0 hat of the Dice {rN+++ Str+7 Dex-2 Stlth+}
rElec  +         Dismiss  .     E - +1 cloak {MR+}
rCorr  +         Reflect  +     I - +0 pair of gloves of the Fifty Seas {MR++ Str+5 Stlth-}
SustAt .         Harm     .     U - +2 pair of boots "Valo" {*Drain rPois rCorr Str+6}
MR     +++++                    f - amulet of Aplaf {+Rage rN+ Slay+2}
Stlth  +.........               z - ring of Ymeki {Wiz rElec rF++ Dex-3}
                                l - ring of Mat Yfin {rF+ rC+++ rN++ Dex-2}

@: contaminated, hasted, glowing, studying Summonings, very quick, almost
entirely resistant to hostile enchantments, very unstealthy
A: retaliatory headbutt, horns 2, blurry vision 1
a: Recite, Vitalisation, Imprison, Sanctuary, Donate Gold, Cure All Mutations,
Renounce Religion, Evoke Berserk Rage
0: Orb of Zot
}: 15/15 runes: decaying, slimy, silver, golden, iron, obsidian, icy, bone,
abyssal, demonic, glowing, magical, fiery, dark, gossamer


You escaped.
You worshipped Zin.
Zin was exalted by your worship.
You were not hungry.

You visited 17 branches of the dungeon, and saw 92 of its levels.
You visited Pandemonium 3 times, and saw 53 of its levels.
You visited the Abyss 2 times.
You visited 1 ziggurat, and saw 23 of its levels.
You also visited: Labyrinth, Trove, Bailey and Volcano.

You collected 21076 gold pieces.
You spent 7224 gold pieces at shops.
You donated 8393 gold pieces to Zin.

Inventory:

Hand Weapons
 w - the +8 mithril axe "Arga" {speed, MR+ Str+2}
   (You found it on level 21 of a ziggurat)

   Attacks with this weapon are significantly faster.
   It affects your strength (+2).
   It affects your resistance to hostile enchantments.
 x - a +9 sacred scourge of holy wrath (weapon)
Armour
 s - a +6 large shield of reflection (worn)
 B - a +10 pearl dragon armour (worn)
 E - a +1 cloak of magic resistance (worn)
 I - the +0 pair of gloves of the Fifty Seas (worn) {MR++ Str+5 Stlth-}
   (You acquired it on level 6 of the Pits of Slime)

   It affects your strength (+5).
   It affects your resistance to hostile enchantments.
   It makes you less stealthy.
 P - the +0 hat of the Dice (worn) {rN+++ Str+7 Dex-2 Stlth+}
   (You found it on level 9 of the Dungeon)

   It affects your strength (+7).
   It affects your dexterity (-2).
   It renders you almost immune to negative energy.
   It makes you more stealthy.
 U - the +2 pair of boots "Valo" (worn) {*Drain rPois rCorr Str+6}
   (You found it on level 18 of a ziggurat)

   It affects your strength (+6).
   It protects you from poison.
   It protects you from acid and corrosion.
   It causes draining when unequipped.
Rods
 J - a +4 rod of shadows (11/11)
   (You found it on level 17 of a ziggurat)
 N - a +3 iron rod (11/11)
   (You found it on level 15 of a ziggurat)
 T - a +4 rod of shadows (10/10)
   (You found it in Pandemonium)
Jewellery
 f - the amulet of Aplaf (around neck) {+Rage rN+ Slay+2}
   (You found it on level 3 of the Tomb of the Ancients)

   [amulet of rage]

   It affects your accuracy and damage with ranged weapons and melee attacks
   (+2).
   It protects you from negative energy.
   It lets you go berserk.
 l - the ring of Mat Yfin (left hand) {rF+ rC+++ rN++ Dex-2}
   (You found it on level 22 of a ziggurat)

   [ring of protection from fire]

   It affects your dexterity (-2).
   It protects you from fire.
   It renders you almost immune to cold.
   It greatly protects you from negative energy.
 z - the ring of Ymeki (right hand) {Wiz rElec rF++ Dex-3}
   (You bought it in a shop on level 4 of the Vaults)

   [ring of wizardry]

   It improves your spell success rate.
   It affects your dexterity (-3).
   It greatly protects you from fire.
   It insulates you from electricity.
Wands
 k - a wand of digging (9/24)
 m - a wand of lightning (7/15)
 n - a wand of heal wounds (0/9)
 p - a wand of teleportation (3/9)
 D - a wand of heal wounds (0/9)
 O - a wand of hasting (0/9)
 V - a wand of confusion (47/48)
 Y - a wand of teleportation (5/9)
Scrolls
 b - 9 scrolls of recharging
 c - 2 scrolls of brand weapon
 d - 22 scrolls of identify
 g - a scroll of summoning
 h - 7 scrolls of blinking
 i - a scroll of fear
 q - a scroll of magic mapping
 v - 38 scrolls of teleportation
 y - 29 scrolls of remove curse
 L - 3 scrolls of enchant weapon
 X - a scroll of holy word
Potions
 a - 11 potions of berserk rage
 e - 10 potions of haste
 j - 30 potions of curing
 C - 6 potions of agility
 F - 5 potions of might
 G - a potion of resistance
 Q - 2 potions of flight
 R - a potion of ambrosia
 Z - 2 potions of heal wounds
Books
 K - a manual of Summonings
Miscellaneous
 t - a plain deck of changes {Focus, drawn: 2}
 u - a lamp of fire
 A - an ornate deck of changes {Dowsing, drawn: 1}
 H - a phial of floods
 M - an ornate deck of summoning {drawn: 4}
 S - a fan of gales
 W - a legendary deck of summoning {drawn: 9}
Comestibles
 r - 25 bread rations


   Skills:
 O Level 27 Fighting
 - Level 23.4(27) Axes
 - Level 25.4(27) Maces & Flails
   Level 1.7(16.2) Polearms
 O Level 27 Crossbows
 O Level 27 Throwing
 O Level 27 Armour
 O Level 27 Dodging
 O Level 27 Stealth
 O Level 27 Shields
 - Level 11.4 Unarmed Combat
 + Level 23.1 Spellcasting
 O Level 27 Invocations
 O Level 27 Evocations


You had 72 spell levels left.
You didn't know any spells.

Dungeon Overview and Level Annotations

Branches:
Dungeon (15/15)            Temple (0/1) D:4            Lair (8/8) D:9
  Swamp (4/4) Lair:4       Spider (4/4) Lair:3        Slime (6/6) Lair:6
    Orc (2/2) D:11            Elf (3/3) Orc:2        Vaults (5/5) D:13
  Crypt (3/3) Vaults:3       Tomb (3/3) Crypt:3      Depths (5/5) D:15
   Hell (1/1)                 Dis (7/7) Hell            Geh (7/7) Hell
    Coc (7/7) Hell            Tar (7/7) Hell            Zot (5/5) Depths:5

Altars:
Ashenzari
Dithmenos
Fedhas
Kikubaaqudgha
Makhleb
Okawaru
Qazlal
Sif Muna
Trog
Vehumet
Xom
Yredelemnul
Zin
The Shining One
Jiyva

Shops:
D:8 ![([=   D:11 (   Orc:2 ([=[   Elf:2 (   Vaults:1 ?*   Vaults:3 (***
Vaults:4 =

Portals:
Hell: Depths:1 Depths:2 Depths:3 Depths:4 Depths:5
Abyss: Depths:4
Pandemonium: Depths:3 Depths:5
Ziggurat: Depths:4

Annotations:
Coc:7 exclusion: ice statue


Innate Abilities, Weirdness & Mutations

You reflexively headbutt those who attack you in melee.
You have a pair of horns on your head.
Scrolls take you a little longer to read.


Message History

You climb upwards.
There is a stone staircase leading down here.
Evoke which item? (* to show all) (? for menu, Esc to quit)
Zapping:
O - a wand of hasting (1/9)
Press: ? - help, Shift-Dir - straight line, f - you You feel yourself speed up.
This wand has 0 charges left.
A hellwing comes into view.
You found a teleport trap!
Really walk into that teleport trap?
Okay, then.
Dyovet comes into view.
Dyovet screeches, "Slither home whilst thou may!"
A lich comes into view.
There is an escape hatch in the ceiling here.
A mysterious force pulls you upwards. The hatch slams shut behind you.
You see here a dagger.
You are contaminated with residual magic.
Zin is not enthusiastic about the mutagenic glow surrounding you.
There is a staircase leading out of the dungeon here.
You have escaped!

#.#.#.#.###.............### #.#
#.#...#.##...###...###....# #.#
###.###.#.##...#......>#....###.#
....#####.#....#.......#........#
....##......#.............##.####
....##.####.#......#......##.#
....##.# #.#.............##.#
.##....# #....#.......#...#.####
.##.#### ##...#@......#...#.....
..#.##### #...###...###...######
#.#.#...## ##.............##
..#.#....####.............#
###.#.......###...###...###
#....###.##..#######..###
#.#......#...# ##.##
#.#...######.# #..# #.#...# #.#
#.##


There were no monsters in sight!

Vanquished Creatures
  Cerebov (Pan)
  45 pandemonium lords
  Antaeus (Coc:7)
  Asmodeus (Geh:7)
  the Royal Jelly (Slime:6)
  Ignacio (Pan)
  Gloorx Vloq (Pan)
  Ereshkigal (Tar:7)
  A seraph (Pan)
  Mnoleg (Pan)
  the Serpent of Hell (Geh:7)
  Lom Lobon (Pan)
  Dispater (Dis:7)
  An orb of fire (Zot:5)
  9 juggernauts
  6 ancient liches
  Mennas (Crypt:1)
  33 greater mummies
  Boris (Vaults:2)
  A Killer Klown (Zot:5)
  31 shard shrikes
  Geryon (Hell)
  3 curse toes
  9 golden dragons
  87 Tzitzimimeh
  3 profane servitors
  The ghost of dobroeutro the Peltast, a veteran GrFi of the Shining One (Crypt:3)
  8 iron giants
  the Enchantress (Depths:3)
  Arachne (Spider:4)
  29 bone dragons
  7 pearl dragons
  55 Brimstone Fiends
  27 doom hounds
  16 liches
  2 hellephants (Pan)
  Rupert (Lair:4)
  4 electric golems
  20 tentacled monstrosities
  42 Ice Fiends
  25 Orb Guardians
  46 Hell Sentinels
  6 deep elf master archers
  24 acid blobs
  A quicksilver dragon (shapeshifter) (Vaults:5)
  257 large abominations
  35 tentacled starspawn
  Asterion (Elf:3)
  5 quicksilver dragons
  13 titans
  6 deep elf blademasters
  75 Executioners
  6 ancient champions
  Frances (Swamp:1)
  8 death cobs
  5 eldritch tentacles
  10 sphinxes
  23 storm dragons
  26 shadow dragons
  7 tengu reavers
  9 revenants
  22 azure jellies
  5 draconian monks
  9 greater nagas
  25 daevas
  11 fire giants
  21 frost giants
  The ghost of varam the Executioner, a journeyman MiBe of Trog (Orc:2)
  10 draconian knights
  Louise (Elf:3)
  12 iron dragons
  26 chaos champions (Pan)
  27 blood saints
  Maud (Lair:8)
  Aizul (Depths:1)
  5 deep elf sorcerers
  60 cacodemons
  97 balrugs
  5 draconian scorchers
  17 vault wardens
  14 ghost moths
  A caustic shrike zombie (Zig:16)
  A juggernaut zombie (Depths:3)
  35 angels
  8 emperor scorpions
  7 draconian zealots
  5 curse skulls
  4 deep elf elementalists
  A ghoul (Crypt:1)
  9 orc warlords
  8 draconian shifters
  6 draconian annihilators
  3 spriggan defenders (Depths:3)
  28 warmongers
  8 ironheart preservers
  30 war gargoyles
  2 elemental wellsprings
  69 stone giants
  8 green draconians
  128 reapers
  19 ophanim
  3 draconian callers
  31 apis
  15 vampire knights
  54 very ugly things
  12 deep elf demonologists
  A juggernaut skeleton (Depths:2)
  5 bennus
  62 lorocyprocas
  The ghost of warlockg3 the Arsonist, a journeyman DrFE of Vehumet (Lair:6)
  41 black suns
  26 corrupters
  10 black draconians
  A dire elephant (Lair:8)
  19 salamander stormcallers
  A spectral titan (Zig:21)
  10 purple draconians
  11 mottled draconians
  12 red draconians
  15 deep elf annihilators
  11 white draconians
  9 yellow draconians
  2 spark wasps
  83 blizzard demons
  9 eidola
  7 merfolk javelineers
  Snorg (Lair:4)
  26 mummy priests
  39 green deaths
  23 ettins
  14 deep elf death magi
  3 crystal guardians
  31 vault guards
  24 fire dragons
  3 merfolk impalers (Zig:18)
  7 deep elf high priests
  4 quicksilver dragon zombies
  3 death oozes
  A minotaur (Lab)
  The ghost of varam the Cleaver, a journeyman MiBe of Trog (D:11)
  13 jiangshi
  A spectral kraken (Tar:7)
  5 naga warriors
  20 ogre magi
  2 kraken zombies
  12 yaktaur captains
  The ghost of RexLacerta the Whirler, a journeyman HaHu of Nemelex Xobeh (D:13)
  Fannar (D:11)
  9 quicksilver dragon skeletons
  16 great orbs of eyes
  11 entropy weavers
  44 monstrous demonspawn (Pan)
  A caustic shrike simulacrum (Depths:3)
  2 ghost crabs
  47 ice dragons
  23 rakshasas
  31 hydras
  3 catoblepae
  2 spectral iron giants (Zig:21)
  14 centaur warriors
  3 anacondas
  A merfolk avatar (Zig:18)
  13 spriggan air magi
  4 death knights
  18 hell beasts
  4 merfolk aquamancers
  A queen ant (Spider:3)
  9 vampire magi
  5 alligators
  55 hell hogs
  9 death yaks
  10 titan zombies
  2 satyrs
  7 deep troll earth magi
  17 deep troll shamans
  12 orc high priests
  A queen ant (shapeshifter) (Vaults:5)
  An iron giant zombie (Depths:3)
  36 dancing weapons
  6 holy swine (Pan)
  13 tengu warriors
  84 hell knights
  133 soul eaters
  34 thrashing horrors
  29 deep elf knights
  8 spriggan berserkers
  6 shock serpents
  6 iron golems (Dis:7)
  A spectral storm dragon (Zig:21)
  5 naga sharpshooters
  10 titan skeletons
  A fire crab (shapeshifter) (Vaults:5)
  2 fire crabs
  186 sun demons
  Nergalle (Lair:2)
  172 skeletal warriors
  8 spatial maelstroms
  36 death scarabs
  18 wretched stars
  7 storm dragon zombies
  7 shadow wraiths
  28 iron trolls
  5 death drakes
  3 salamander mystics
  4 sea snakes (Zig:18)
  12 golden dragon zombies
  49 infernal demonspawn (Pan)
  88 shadow demons
  A spectral iron dragon (Zig:21)
  11 giant orange brains
  2 spriggan druids
  5 unseen horrors
  4 storm dragon skeletons
  17 flayed ghosts
  39 putrid demonspawn (Pan)
  16 cherubim
  A quicksilver dragon simulacrum (Abyss:3)
  43 gelid demonspawn (Pan)
  2 orange crystal statues
  30 deep trolls
  24 deep elf archers
  4 shambling mangroves
  16 anaconda zombies
  2 kraken simulacra
  2 naga ritualists (Zig:14)
  18 ironbrand convokers
  A lindwurm (Depths:2)
  24 anubis guards
  25 hill giants
  8 anaconda skeletons
  5 shadow dragon zombies
  Pikel (D:8)
  36 torturous demonspawn (Pan)
  13 wolf spider zombies
  12 swamp dragons
  20 orc knights
  13 golden dragon skeletons
  11 harpies
  36 necromancers
  22 phantasmal warriors
  19 orb spiders
  9 iron dragon zombies
  18 stone giant zombies
  70 deep elf magi
  10 wizards
  16 frost giant zombies
  A mana viper (Zig:14)
  29 wolf spiders
  A wolf spider (shapeshifter) (Depths:1)
  16 fire giant zombies
  27 salamanders
  An orb spider (shapeshifter) (Elf:1)
  11 hornets
  9 oklob plants
  13 cyclopes
  A hornet (shapeshifter) (Depths:1)
  11 griffons
  8 shining eyes
  2 sphinx skeletons
  23 moths of wrath
  5 shadow dragon skeletons
  15 orc sorcerers
  8 manticores
  88 sixfirhies
  43 ugly things
  10 iron dragon skeletons
  12 stone giant skeletons
  124 slime creatures
  8 fauns
  2 shock serpent zombies
  8 elephants
  2 spriggan zombies
  2 guardian serpents (shapeshifter)
  54 rust devils
  2 spectral elves (Zig:21)
  A toenail golem (Volcano)
  2 octopodes (shapeshifter)
  Joseph (D:9)
  8 frost giant skeletons
  5 water nymphs (Zig:18)
  10 fire giant skeletons
  8 dire elephant zombies
  A torpor snail (Zig:10)
  16 molten gargoyles
  4 eyes of devastation
  16 worldbinders
  8 guardian serpents
  6 titan simulacra
  19 black mambas
  A black mamba (shapeshifter) (Depths:4)
  A siren (Zig:18)
  3 shock serpent skeletons
  7 naga magi
  2 gargoyles
  7 apocalypse crabs
  4 ice statues
  16 vault sentinels
  3 elf skeletons
  78 orange demons
  7 storm dragon simulacra
  160 smoke demons
  17 spiny frogs
  A death yak zombie (Crypt:2)
  A mottled draconian zombie (Crypt:1)
  2 catoblepas zombies
  9 spectral swamp worms (Tar:7)
  8 komodo dragons
  11 rime drakes
  9 dire elephant skeletons
  5 emperor scorpion zombies
  A yaktaur zombie (Hell)
  5 kobold demonologists
  23 efreet
  114 demonic crawlers
  A golden dragon simulacrum (Abyss:1)
  46 yaktaurs
  A purple draconian zombie (Dis:2)
  A red draconian zombie (Tar:5)
  52 guardian mummies
  113 hellions
  11 anaconda simulacra
  117 tormentors
  43 freezing wraiths
  56 hellwings
  16 trolls
  3 ghost moth simulacra
  73 ice devils
  132 red devils
  25 hydra zombies
  7 harpy zombies
  65 small abominations
  3 queen bees (shapeshifter)
  A minotaur zombie (Tar:2)
  4 spriggan skeletons
  2 tengu conjurers
  A sea snake skeleton (Crypt:2)
  An iron troll skeleton (Crypt:1)
  17 wind drakes
  A yellow draconian skeleton (Tar:5)
  14 polar bears
  3 catoblepas skeletons
  49 jumping spiders
  30 ancient zymes
  4 silent spectres
  A jumping spider (shapeshifter) (Vaults:3)
  13 merfolk
  A wind drake (shapeshifter) (Vaults:1)
  66 raiju
  4 harpy skeletons
  12 hydra skeletons
  44 two-headed ogres
  8 giant leeches
  10 bog bodies
  3 snapping turtles (Zig:18)
  3 elf zombies
  14 ettin zombies
  4 fire dragon zombies
  21 ushabtiu
  18 blink frogs
  A stone giant simulacrum (Coc:2)
  3 boulder beetles (Vaults:3)
  A snapping turtle (shapeshifter) (Depths:2)
  A raiju (shapeshifter) (Abyss:1)
  6 alligator zombies
  8 ice dragon zombies
  209 flying skulls
  55 shadows
  155 ynoxinuls
  19 water elementals
  114 starcursed masses
  3 vampires
  55 wraiths
  A spriggan (shapeshifter) (Vaults:4)
  9 air elementals
  4 black mamba zombies
  8 wyverns
  11 ice dragon skeletons
  13 spriggans
  30 tarantellas
  4 alligator skeletons
  15 ettin skeletons
  100 redbacks
  11 fire dragon skeletons
  A salamander simulacrum (Vaults:1)
  36 fire elementals
  13 hungry ghosts
  6 black mamba skeletons
  11 fire bats
  2 humans (shapeshifter)
  51 yaks
  29 golden eyes
  A hippogriff (shapeshifter) (Vaults:3)
  6 spatial vortices
  3 steam dragons
  A catoblepas simulacrum (Coc:4)
  7 basilisks
  110 neqoxecs
  20 hippogriffs
  38 vampire mosquitoes
  123 chaos spawn
  4 mottled dragons
  3 nagas
  18 insubstantial wisps
  13 swamp worms
  7 wargs
  13 spiny frog zombies
  2 soldier ants
  2 swamp worms (shapeshifter) (Abyss:2)
  19 water moccasins
  9 hydra simulacra
  A giant eyeball (Pan)
  6 porcupines
  86 hell hounds
  A giant eyeball (shapeshifter) (Vaults:5)
  A hornet simulacrum (D:14)
  7 spiny frog skeletons
  12 ice beasts
  2 swamp dragon zombies
  52 orc warriors
  4 snapping turtle zombies
  A black bear (shapeshifter) (Depths:1)
  An elephant zombie (Crypt:1)
  7 sky beasts
  A slave (D:8)
  An ice dragon simulacrum (Abyss:5)
  4 manticore zombies
  12 phantoms
  21 swamp drakes
  13 black bears
  12 eyes of draining
  56 necrophages
  An ogre (shapeshifter) (Vaults:5)
  9 wasps
  An alligator simulacrum (Coc:1)
  2 ettin simulacra (Abyss:3)
  25 centaurs
  A boggart (shapeshifter) (Vaults:5)
  5 swamp dragon skeletons
  95 ogres
  18 wolves
  5 manticore skeletons
  4 boggarts (Vaults:3)
  A human skeleton (Vaults:2)
  8 snapping turtle skeletons
  19 crocodiles
  A komodo dragon zombie (Lair:7)
  19 big kobolds
  2 gnoll sergeants
  23 giant frogs
  6 earth elementals
  A spiny frog simulacrum (Coc:6)
  A wyvern skeleton (D:9)
  6 scorpions
  An orc simulacrum (Vaults:2)
  A water moccasin skeleton (D:6)
  A swamp dragon simulacrum (Abyss:3)
  An elf simulacrum (Vaults:1)
  20 killer bees
  A snapping turtle simulacrum (Abyss:2)
  148 wights
  12 howler monkeys
  8 electric eels
  5 centaur zombies
  21 crimson imps
  9 quasits
  6 hounds
  3 human zombies
  44 jellies
  38 orc wizards
  A basilisk zombie (Lair:7)
  24 orc priests
  A soldier ant zombie (Crypt:2)
  8 centaur skeletons
  3 giant frog skeletons
  41 iron imps
  8 iguanas
  A lightning spire (Zig:9)
  A porcupine skeleton (Crypt:2)
  18 worker ants
  A killer bee zombie (Crypt:1)
  32 sheep
  A sky beast zombie (Crypt:1)
  A naga zombie (Geh:2)
  An ogre zombie (Geh:3)
  A hound zombie (D:9)
  A big kobold skeleton (Crypt:1)
  72 mummies
  A worker ant zombie (Crypt:2)
  Robin (D:2)
  59 river rats
  21 adders
  6 gnolls
  A swamp drake zombie (Crypt:2)
  23 shadow imps
  39 white imps
  11 ufetubi
  2 adder zombies
  An adder skeleton (D:6)
  3 worms (D:2)
  A ball lightning (Pan)
  2 dart slugs (D:1)
  3 giant geckos
  147 orcs
  A ball python (D:7)
  9 bats
  4 giant cockroaches
  A gnoll zombie (Crypt:1)
  19 goblins
  12 hobgoblins
  11 jackals
  3 quokkas
  A ball python skeleton (Crypt:1)
  9 giant newts
  A hobgoblin zombie (Crypt:1)
  A jackal skeleton (D:4)
  A jackal zombie (D:5)
  17 kobolds
  A kobold zombie (Geh:3)
  2 orc skeletons
  2 orc zombies
  5 rats
  A bush (Lair:5)
  8 crawling corpses
  18 fire vortices
  3 fungi
  3 lurking horrors
  114 pillars of salt
  11 plants
  13 starspawn tentacles
  7 tentacles
  2 withered plants (D:15)
9785 creatures vanquished.

Vanquished Creatures (collateral kills)
  2 pandemonium lords (Pan)
  the Lernaean hydra (Swamp:4)
  2 Tzitzimimeh (Pan)
  Jorgrun (Swamp:3)
  A Brimstone Fiend (Geh:7)
  2 deep elf blademasters (Zig:20)
  A deep elf master archer (Zig:20)
  4 Executioners (Pan)
  2 ghost moths (Spider:4)
  A cacodemon (Pan)
  2 deep elf sorcerers (Elf:3)
  A reaper (Pan)
  2 blood saints (Pan)
  A corrupter (Pan)
  A deep elf annihilator (Elf:3)
  A black sun (Pan)
  A salamander stormcaller (Vaults:3)
  A merfolk javelineer (Zig:19)
  A crystal guardian (Crypt:3)
  A fire dragon (Vaults:3)
  3 blizzard demons
  A yaktaur captain (Zig:19)
  A hydra (Swamp:4)
  Harold (D:10)
  A monstrous demonspawn (Pan)
  2 satyrs (Zig:19)
  A dancing weapon (Elf:1)
  2 titan zombies
  3 naga sharpshooters (Zig:19)
  A deep elf knight (Elf:1)
  A hell knight (Geh:1)
  A soul eater (Pan)
  2 sun demons (Pan)
  A cherub (Pan)
  An infernal demonspawn (Pan)
  A gelid demonspawn (Pan)
  A putrid demonspawn (Pan)
  A shadow demon (Pan)
  2 anubis guards (Tomb:1)
  A phantasmal warrior (Vaults:5)
  A necromancer (Crypt:3)
  An orc knight (Vaults:4)
  2 orb spiders
  An orc sorcerer (Zig:22)
  A deep elf mage (Elf:1)
  2 hornets (Spider:4)
  2 wolf spiders
  A cyclops (Zig:19)
  2 salamanders (Vaults:3)
  A large abomination (Pan)
  A manticore (Zig:18)
  2 moths of wrath
  2 sixfirhies (Pan)
  2 smoke demons (Pan)
  2 hellions (Pan)
  A spectral swamp worm (Tar:7)
  A tormentor (Pan)
  3 demonic crawlers
  5 red devils
  A troll (shapeshifter) (Depths:1)
  2 jumping spiders (Spider:4)
  2 wind drakes
  4 ushabtiu (Tomb:2)
  A tarantella (Zig:8)
  2 air elementals (Zig:20)
  A flying skull (Crypt:3)
  4 ynoxinuls (Pan)
  A wyvern (Lair:5)
  A basilisk (Lair:5)
  2 neqoxecs (Pan)
  A hippogriff (Lair:5)
  A chaos spawn (Pan)
  A warg (Vaults:4)
  A spiny frog zombie (Coc:7)
  A wasp (Spider:4)
  A snapping turtle zombie (Tar:2)
  A mummy (Tomb:1)
  A shadow imp (Tar:4)
  3 orcs
122 creatures vanquished.

Vanquished Creatures (others)
  2 pandemonium lords (Pan)
  A lich (Tomb:2)
  A titan (Pan)
  A deep elf master archer (Zig:20)
  An eldritch tentacle (Tar:7)
  A frost giant (Coc:7)
  A cacodemon (Pan)
  A balrug (Pan)
  A deep elf elementalist (Elf:3)
  An elemental wellspring (Coc:7)
  A draconian annihilator (Pan)
  2 stone giants
  A vampire knight (Depths:4)
  2 blood saints (Pan)
  A bennu (Tomb:2)
  A yellow draconian (Zot:2)
  A merfolk javelineer (Zig:19)
  A blizzard demon (Pan)
  A green death (Pan)
  An ice dragon (Tomb:2)
  6 yaktaur captains
  A rakshasa (Pan)
  A deep elf high priest (Vaults:5)
  3 centaur warriors
  An ogre mage (Vaults:3)
  A spriggan air mage (Pan)
  A sun demon (Pan)
  A deep elf knight (Elf:1)
  A storm dragon skeleton (Geh:7)
  2 death scarabs (Tomb:3)
  2 ghost moth zombies (Tomb:2)
  4 deep elf archers
  4 deep elf magi
  A manticore (Zig:18)
  A faun (Zig:18)
  A sixfirhy (Pan)
  2 cyclopes
  A siren (Zig:18)
  A fire giant skeleton (Tomb:2)
  A water nymph (Zig:18)
  22 yaktaurs
  An emperor scorpion zombie (Tomb:2)
  A tormentor (Dis:7)
  An efreet (Pan)
  An ancient zyme (Abyss:4)
  A red devil (Pan)
  2 wind drakes (Pan)
  A merfolk (Zig:18)
  14 flying skulls
  2 large abominations
  2 air elementals
  A shadow (Geh:1)
  2 chaos spawn (Pan)
  A warg (Vaults:4)
  A naga (Zig:14)
  An orc warrior (D:11)
  A wasp (shapeshifter) (Vaults:5)
  3 ogres
  A boggart (Vaults:3)
  2 centaurs
  4 small abominations
  2 wights
  A troll skeleton (Geh:6)
  A jelly (Abyss:3)
  3 starcursed masses (Abyss:3)
  2 orc wizards
  8 mummies
  2 white imps
  8 ball lightnings (Pan)
  2 blocks of ice (Pan)
  A bush (Abyss:2)
  2 demonic plants (Pan)
  106 eldritch tentacle segments
  A fire vortex (Geh:4)
  16 fungi
  13 lost souls
  4 lurking horrors (Abyss:2)
  205 pillars of salt
  19 plants
  53 starspawn tentacles
  656 starspawn tentacle segments
  26 tentacles
  449 tentacle segments
1704 creatures vanquished.

Grand Total: 11611 creatures vanquished

Notes
Turn   | Place    | Note
--------------------------------------------------------------
     0 | D:1      | varam the Minotaur Berserker began the quest for the Orb.
     0 | D:1      | Reached XP level 1. HP: 19/19 MP: 0/0
   169 | D:1      | Reached XP level 2. HP: 27/27 MP: 1/1
   639 | D:1      | Reached ** piety under Trog
   676 | D:2      | Reached XP level 3. HP: 31/33 MP: 2/2
   769 | D:2      | Noticed Robin
   783 | D:2      | Killed Robin
   786 | D:2      | Reached XP level 4. HP: 37/41 MP: 3/3
  1129 | D:2      | Reached skill level 1 in Stealth
  1389 | D:2      | Reached *** piety under Trog
  1844 | D:3      | Reached XP level 5. HP: 47/47 MP: 4/4
  2293 | D:4      | Found a bloodstained altar of Trog.
  2318 | D:4      | Reached skill level 5 in Fighting
  2318 | D:4      | Reached skill level 5 in Axes
  2542 | D:4      | Found a shadowy altar of Dithmenos.
  2678 | D:4      | Found a blossoming altar of Fedhas.
  3059 | D:4      | Found a staircase to the Ecumenical Temple.
  3107 | D:4      | Reached XP level 6. HP: 34/56 MP: 5/5
  3496 | D:5      | Entered Level 5 of the Dungeon
  3507 | D:5      | Reached **** piety under Trog
  3733 | D:5      | Found a radiant altar of Vehumet.
  3746 | D:5      | Found a shimmering altar of Xom.
  3751 | D:5      | Noticed an angel
  3775 | D:5      | Found a glowing silver altar of Zin.
  3777 | D:5      | Noticed a sky beast
  3793 | D:5      | Killed a sky beast
  3950 | D:5      | Reached skill level 5 in Armour
  3986 | D:5      | Reached XP level 7. HP: 39/61 MP: 6/6
  4365 | D:5      | Reached skill level 5 in Dodging
  4458 | D:5      | Noticed a two-headed ogre
  4464 | D:5      | Killed a two-headed ogre
  4464 | D:5      | Reached XP level 8. HP: 71/71 MP: 7/7
  5507 | D:7      | Reached XP level 9. HP: 74/80 MP: 8/8
  6224 | D:7      | Found a basalt altar of Yredelemnul.
  6412 | D:7      | Found a burning altar of Makhleb.
  6412 | D:7      | Found an ancient bone altar of Kikubaaqudgha.
  6473 | D:8      | Reached ***** piety under Trog
  6543 | D:8      | Found Neleyhai's Jewellery Emporium.
  6604 | D:8      | Noticed Pikel
  6626 | D:8      | Killed Pikel
  6626 | D:8      | Reached skill level 10 in Axes
  6626 | D:8      | Reached skill level 1 in Polearms
  6803 | D:8      | Found Guyr's Antique Armour Shoppe.
  6806 | D:8      | Bought a pair of runed gloves for 94 gold pieces
  6844 | D:8      | Reached skill level 10 in Fighting
  6844 | D:8      | Reached XP level 10. HP: 93/93 MP: 9/9
  6882 | D:8      | Found Rybo Raz's Antique Armour Boutique.
  6891 | D:8      | Bought a pair of glowing gloves for 103 gold pieces
  6938 | D:8      | Found Nouzext's Distillery.
  7183 | D:8      | Found Geps's Antique Weapon Shop.
  7242 | D:8      | Found a stormy altar of Qazlal.
  8043 | D:9      | Noticed a deep elf mage
  8044 | D:9      | Noticed a deep elf mage
  8054 | D:9      | Killed a deep elf mage
  8054 | D:9      | Received a gift from Trog
  8059 | D:9      | Noticed a soul eater
  8065 | D:9      | Found a staircase to the Lair.
  8067 | D:9      | Killed a deep elf mage
  8142 | D:9      | Got a steaming hat
  8145 | D:9      | Identified the +0 hat of the Dice {rN+++ Str+7 Dex-2 Stlth+} (You found it on level 9 of the Dungeon)
  8166 | D:9      | Got a brightly glowing hat
  8224 | D:9      | Identified the +2 hat of the Tuna {rPois rF+ MR+} (You found it on level 9 of the Dungeon)
  8299 | D:9      | Noticed a brown ugly thing
  8301 | D:9      | Noticed a deep elf mage
  8306 | D:9      | Killed a brown ugly thing
  8313 | D:9      | Killed a deep elf mage
  8399 | D:9      | Noticed a centaur warrior
  8408 | D:9      | Noticed a wizard
  8410 | D:9      | Killed a centaur warrior
  8410 | D:9      | Reached XP level 11. HP: 102/102 MP: 3/10
  8413 | D:9      | Killed a wizard
  8414 | D:9      | Noticed an eight-headed hydra
  8425 | D:9      | Killed a 14-headed hydra
  8425 | D:9      | Reached skill level 10 in Armour
  8904 | D:9      | Found an iron altar of Okawaru.
  8909 | D:9      | Noticed Joseph
  8929 | D:9      | Killed Joseph
  8973 | D:9      | Found a deep blue altar of Sif Muna.
  9410 | D:9      | Found a glowing golden altar of the Shining One.
  9597 | D:10     | Entered Level 10 of the Dungeon
  9688 | D:10     | Noticed Harold
  9696 | D:10     | Killed Harold
  9952 | D:10     | Noticed a hill giant
  9960 | D:10     | Killed a hill giant
  9960 | D:10     | Reached skill level 1 in Shields
 10258 | D:10     | Found a glowing silver altar of Zin.
 10682 | D:11     | Noticed Fannar
 10700 | D:11     | Killed Fannar
 10731 | D:11     | Noticed varam's ghost (journeyman MiBe)
 10855 | D:11     | Killed varam's ghost
 11085 | D:11     | Reached XP level 12. HP: 107/113 MP: 11/11
 11184 | D:11     | Got a shimmering chain mail
 11195 | D:11     | Identified the +2 chain mail of the Morning Star {Int+2} (You found it on level 11 of the Dungeon)
 11246 | D:11     | Found Vutode Largh's Weapon Shop.
 11728 | D:11     | Found a staircase to the Orcish Mines.
 11734 | D:11     | Reached ****** piety under Trog
 11867 | D:12     | Received a gift from Trog
 11983 | Orc:1    | Entered Level 1 of the Orcish Mines
 12072 | Orc:1    | You fall through a shaft!
 12072 | Orc:2    | Entered Level 2 of the Orcish Mines
 12087 | Orc:2    | Found a staircase to the Elven Halls.
 12230 | Orc:1    | Paralysed by an orc sorcerer for 4 turns
 12410 | Orc:1    | Noticed an ettin
 12417 | Orc:1    | Killed an ettin
 12465 | Orc:2    | Noticed varam's ghost (journeyman MiBe)
 12474 | Orc:2    | Reached skill level 5 in Shields
 12888 | Lair:1   | Entered Level 1 of the Lair of Beasts
 13407 | Lair:1   | Reached skill level 15 in Axes
 13679 | Lair:1   | Received a gift from Trog
 14433 | Lair:2   | Noticed Nergalle
 14439 | Lair:2   | Killed Nergalle
 14440 | Lair:2   | Reached XP level 13. HP: 123/123 MP: 12/12
 15169 | Lair:3   | Found a hole to the Spider Nest.
 15316 | Lair:3   | Received a gift from Trog
 16083 | Lair:4   | Found a staircase to the Swamp.
 16135 | Lair:4   | Noticed Snorg
 16154 | Lair:4   | Killed Snorg
 16429 | Lair:4   | Noticed Rupert
 16442 | Lair:4   | Killed Rupert
 17144 | Lair:5   | Received a gift from Trog
 17240 | Lair:5   | Found a labyrinth entrance.
 17250 | Lab      | Entered a labyrinth
 19135 | Lab      | Noticed a minotaur
 19140 | Lab      | Killed a minotaur
 19144 | Lab      | Identified Leuh Gext's Guide on the Escort
 19859 | Lair:6   | Reached skill level 15 in Fighting
 19939 | Lair:6   | Reached XP level 14. HP: 134/135 MP: 4/13
 19997 | Lair:6   | Found a shadowy altar of Dithmenos.
 20285 | Lair:6   | Noticed warlockg3's ghost (journeyman DrFE)
 20316 | Lair:6   | Killed warlockg3's ghost
 21592 | Lair:8   | Entered Level 8 of the Lair of Beasts
 21635 | Lair:8   | Noticed Maud
 21872 | Lair:8   | Killed Maud
 21909 | Lair:8   | Found a dark tunnel.
 21918 | Volcano  | Entered a volcano
 23103 | Lair:8   | Received a gift from Trog
 24622 | Orc:2    | Killed varam's ghost
 24659 | Orc:2    | Received a gift from Trog
 25181 | Orc:2    | Reached XP level 15. HP: 145/145 MP: 14/14
 25307 | Orc:2    | Reached skill level 15 in Armour
 25325 | Orc:2    | Found Gewerch's Jewellery Boutique.
 25325 | Orc:2    | Found Jyaxzac's Armour Emporium.
 25346 | Orc:2    | Found Toukla's Armour Emporium.
 25346 | Orc:2    | Found Geathet's Weapon Boutique.
 25902 | D:12     | Received a gift from Trog
 26132 | D:12     | Found a glowing silver altar of Zin.
 26477 | D:13     | Noticed RexLacerta's ghost (journeyman HaHu)
 26496 | D:13     | Killed RexLacerta's ghost
 26929 | D:13     | Found a gate to the Vaults.
 27940 | D:14     | Received a gift from Trog
 28009 | D:14     | Found a flagged portal.
 28025 | Bailey   | Entered a bailey
 28794 | D:14     | Received a gift from Trog
 29015 | D:14     | Found a stormy altar of Qazlal.
 29457 | Orc:2    | Bought an uncursed ring of poison resistance for 340 gold pieces
 29457 | Orc:2    | Bought the ring "Kuc Fiu" {rF+ SInv} for 493 gold pieces
 29830 | Swamp:1  | Entered Level 1 of the Swamp
 29875 | Swamp:1  | Reached XP level 16. HP: 130/157 MP: 11/15
 30243 | Swamp:1  | Noticed Frances
 30252 | Swamp:1  | Killed Frances
 30252 | Swamp:1  | Reached skill level 10 in Shields
 30770 | Swamp:2  | Reached skill level 10 in Dodging
 31558 | Swamp:3  | Noticed Jorgrun
 31590 | Swamp:3  | Killed Jorgrun
 31902 | Swamp:3  | Received a gift from Trog
 32713 | Swamp:4  | Entered Level 4 of the Swamp
 33351 | Swamp:4  | Noticed the 27-headed Lernaean hydra
 33365 | Swamp:4  | Killed the 27-headed Lernaean hydra
 33499 | Swamp:4  | Got a decaying rune of Zot
 33572 | Swamp:4  | Reached XP level 17. HP: 166/166 MP: 16/16
 34018 | Spider:1 | Entered Level 1 of the Spider Nest
 34112 | Spider:1 | Received a gift from Trog
 34239 | Spider:1 | Received a gift from Trog
 34353 | Spider:1 | Reached skill level 15 in Shields
 34731 | Spider:2 | Got an ichor-stained scythe
 34737 | Spider:2 | Identified the +9 scythe of Zuliem {slice, Fragile Str+5} (You found it on level 2 of the Spider Nest)
 36051 | Spider:3 | Received a gift from Trog
 36624 | Spider:4 | Entered Level 4 of the Spider Nest
 36918 | Spider:4 | Noticed Arachne
 36925 | Spider:4 | Killed Arachne
 36925 | Spider:4 | Received a gift from Trog
 37903 | Spider:4 | Reached XP level 18. HP: 173/173 MP: 6/17
 38248 | Spider:4 | Got a gossamer rune of Zot
 39152 | Elf:1    | Entered Level 1 of the Elven Halls
 39187 | Elf:1    | Found a radiant altar of Vehumet.
 39450 | Elf:1    | Received a gift from Trog
 39780 | Elf:1    | Noticed a Tzitzimitl
 40798 | D:15     | Entered Level 15 of the Dungeon
 40817 | D:15     | Found a staircase to the Depths.
 41292 | D:15     | Found a shadowy altar of Dithmenos.
 41568 | Vaults:1 | Entered Level 1 of the Vaults
 41574 | Vaults:1 | Found Iruwaf's Assorted Antiques.
 41616 | Vaults:1 | Found Onuilec's Magic Scroll Emporium.
 41859 | Vaults:1 | Received a gift from Trog
 42491 | Vaults:1 | Found Wideul's Food Emporium.
 42581 | Vaults:1 | Reached XP level 19. HP: 190/190 MP: 18/18
 42673 | Vaults:1 | Received a gift from Trog
 43140 | Vaults:2 | Noticed Boris
 43153 | Vaults:2 | Killed Boris
 44194 | Vaults:3 | Found Samnit's Assorted Antiques.
 44243 | Vaults:3 | Received a gift from Trog
 44324 | Vaults:3 | Found Hagg's General Store.
 44474 | Vaults:3 | Found Fikisch's Antique Weapon Emporium.
 44516 | Vaults:3 | Got an ichor-stained glaive
 44523 | Vaults:3 | Identified the +1 glaive of Certain Death {speed, MP+9 Dex+4} (You found it on level 3 of the Vaults)
 44707 | Vaults:3 | Found a staircase to the Crypt.
 45221 | Vaults:3 | Received a gift from Trog
 45748 | Vaults:3 | Found Imuywk's General Store.
 45755 | Vaults:3 | Bought a scroll of blinking for 112 gold pieces
 45755 | Vaults:3 | Bought a potion of heal wounds for 75 gold pieces
 46104 | Vaults:4 | Found Acimimul's Jewellery Emporium.
 46403 | Vaults:4 | Reached XP level 20. HP: 199/203 MP: 19/19
 46418 | Vaults:4 | Received a gift from Trog
 47759 | Depths:1 | Entered Level 1 of the Depths
 47794 | Depths:1 | Noticed Aizul
 47816 | Depths:1 | Killed Aizul
 48313 | Depths:1 | Received a gift from Trog
 49176 | Depths:1 | Received a gift from Trog
 50240 | Depths:1 | Reached XP level 21. HP: 214/214 MP: 20/20
 50493 | Depths:1 | Found a gateway to Hell.
 50974 | Depths:2 | Noticed a juggernaut
 51658 | Elf:1    | Found an ancient bone altar of Kikubaaqudgha.
 51678 | Elf:1    | Received a gift from Trog
 52122 | Elf:2    | Found a portal to a secret trove of treasure.
 52367 | Elf:2    | Found a runed gate.
 52367 | Elf:2    | Found a runed gate.
 52367 | Elf:2    | Found a runed gate.
 52568 | Elf:2    | Found Uwnog's Weapon Boutique.
 52581 | Elf:2    | Bought the +8 broad axe of Responsibility {freeze, rC+ Stlth+} for 1088 gold pieces
 53024 | Elf:3    | Entered Level 3 of the Elven Halls
 53565 | Elf:3    | Noticed Louise
 53575 | Elf:3    | Killed Louise
 53711 | Elf:3    | Received a gift from Trog
 54046 | Elf:3    | Noticed Asterion
 54051 | Elf:3    | Killed Asterion
 54608 | Elf:3    | Got a slimy trident {venom}
 54617 | Elf:3    | Identified the +6 trident "Engabbaase" {venom, Str+2} (You took it off a deep elf annihilator on level 3 of the Elven Halls)
 54899 | Elf:3    | Got a steaming war axe
 54920 | Elf:3    | Identified a +2 rod of inaccuracy (12/12) (You found it on level 3 of the Elven Halls)
 54940 | Elf:3    | Identified the +11 war axe of Beot {pain, rElec rPois Dex-5} (You found it on level 3 of the Elven Halls)
 55025 | Elf:3    | Reached XP level 22. HP: 173/226 MP: 21/21
 55027 | Elf:3    | Got a faintly glowing silver ring
 55111 | Elf:3    | Identified a +4 rod of shadows (13/13) (You found it on level 3 of the Elven Halls)
 55130 | Elf:3    | Identified the ring "Taonti" {rC+ rN+ MR+ Dex+2 Stlth-} (You took it off a deep elf annihilator on level 3 of the Elven Halls)
 55375 | Orc:2    | Received a gift from Trog
 55900 | Vaults:1 | Bought a scroll of enchant armour for 105 gold pieces
 55900 | Vaults:1 | Bought a scroll of enchant armour for 105 gold pieces
 55907 | Vaults:1 | Bought a fizzy emerald potion for 32 gold pieces
 55907 | Vaults:1 | Bought a scroll of enchant armour for 270 gold pieces
 56058 | Vaults:5 | Entered Level 5 of the Vaults
 56062 | Vaults:5 | Noticed a golden dragon
 56065 | Vaults:5 | Reached skill level 15 in Dodging
 56070 | Vaults:5 | Killed a golden dragon
 56127 | Vaults:5 | Noticed a golden dragon
 56129 | Vaults:5 | Noticed an ancient lich
 56157 | Vaults:5 | Killed an ancient lich
 56183 | Vaults:5 | Killed a golden dragon
 56241 | Vaults:5 | Noticed a golden dragon
 56256 | Vaults:5 | Killed a golden dragon
 56662 | Vaults:5 | Reached XP level 23. HP: 238/238 MP: 22/22
 56671 | Vaults:5 | Received a gift from Trog
 56970 | Vaults:5 | Got a slimy quarterstaff {crush}
 56971 | Vaults:5 | Identified the +5 quarterstaff of Judgement {crush, +Rage +Inv rN++ MP-9} (You took it off a deep elf death mage on level 5 of the Vaults)
 57881 | Vaults:5 | Got a silver rune of Zot
 57886 | Vaults:5 | Got a slimy chain mail
 57897 | Vaults:5 | Identified the +8 chain mail "Syomm" {+Inv rPois rC+ Dex-4} (You found it on level 5 of the Vaults)
 58605 | Crypt:1  | Entered Level 1 of the Crypt
 58847 | D:9      | Fell from the grace of Trog
 58847 | D:9      | Became a worshipper of the Shining One
 59184 | Crypt:1  | Reached * piety under the Shining One
 59368 | Crypt:1  | Reached skill level 27 in Fighting
 59423 | Crypt:1  | Noticed Mennas
 59447 | Crypt:1  | Killed Mennas
 59480 | Crypt:1  | Reached ** piety under the Shining One
 59591 | Crypt:1  | Reached skill level 1 in Invocations
 59717 | Crypt:1  | Reached *** piety under the Shining One
 60570 | Crypt:2  | Reached **** piety under the Shining One
 61059 | Crypt:3  | Entered Level 3 of the Crypt
 61059 | Crypt:3  | Reached ***** piety under the Shining One
 61059 | Crypt:3  | Noticed dobroeutro's ghost (veteran GrFi)
 61077 | Crypt:3  | Killed dobroeutro's ghost
 61349 | Crypt:3  | Reached skill level 5 in Invocations
 61404 | Crypt:3  | Found a staircase to the Tomb.
 61424 | Crypt:3  | Identified the Handbook of Darkness
 61711 | Crypt:3  | Got a smoking plate armour
 61722 | Crypt:3  | Identified the +7 plate armour of Freedom {Int+2} (You found it on level 3 of the Crypt)
 61851 | Crypt:3  | Reached ****** piety under the Shining One
 61906 | Crypt:3  | Noticed an ancient lich
 61931 | Crypt:3  | Killed an ancient lich
 61951 | Crypt:3  | Reached XP level 24. HP: 249/249 MP: 26/26
 61963 | Crypt:3  | Found an ancient bone altar of Kikubaaqudgha.
 62447 | Vaults:1 | Paralysed by Trog for 5 turns
 62626 | D:9      | Identified a +5 sacred scourge of holy wrath (a +3 demon whip of flaming blessed by the Shining One)
 62626 | D:9      | Received a gift from the Shining One
 63065 | D:12     | Fell from the grace of the Shining One
 63065 | D:12     | Became a worshipper of Zin the Law-Giver
 63065 | D:12     | Reached * piety under Zin
 63065 | D:12     | Reached ** piety under Zin
 63065 | D:12     | Reached *** piety under Zin
 63065 | D:12     | Reached **** piety under Zin
 63270 | Depths:2 | Reached ***** piety under Zin
 63421 | Depths:2 | Killed a juggernaut
 64319 | Depths:3 | Noticed the Enchantress
 64366 | Depths:3 | Killed the Enchantress
 64378 | Depths:3 | Got a faerie dragon armour
 64399 | Depths:3 | Identified the +0 faerie dragon armour {MR+} (You took it off the Enchantress on level 3 of the Depths)
 64602 | Depths:3 | Got a transparent war axe {venom}
 64603 | Depths:3 | Identified the cursed +2 war axe of Classification {venom, rPois} (You took it off a merfolk javelineer on level 3 of the Depths)
 64686 | Depths:3 | Noticed a juggernaut
 64695 | Depths:3 | Killed a juggernaut
 64903 | Depths:3 | Reached skill level 10 in Invocations
 65179 | Depths:3 | Found a one-way gate leading to the halls of Pandemonium.
 65761 | Depths:4 | Reached XP level 25. HP: 112/257 MP: 22/30
 66455 | Depths:4 | Found a gateway to a ziggurat.
 66767 | Depths:4 | Found a one-way gate to the infinite horrors of the Abyss.
 66776 | Depths:4 | Voluntarily entered the Abyss.
 66776 | Abyss:1  | Found a corrupted altar of Lugonu.
 67061 | Abyss:1  | Reached skill level 1 in Maces & Flails
 67081 | Abyss:1  | Gained mutation: You tend to lose your temper in combat. [a neqoxec]
 67089 | Abyss:1  | Gained mutation: You often lose your temper in combat. [a neqoxec]
 67423 | Abyss:2  | Found a corrupted altar of Lugonu.
 67431 | Abyss:2  | Found a shimmering altar of Xom.
 67432 | Abyss:2  | Found a shimmering altar of Xom.
 67432 | Abyss:2  | Found a shimmering altar of Xom.
 67433 | Abyss:2  | Found a shimmering altar of Xom.
 67433 | Abyss:2  | Found a shimmering altar of Xom.
 67456 | Abyss:3  | Found a corrupted altar of Lugonu.
 67529 | Abyss:3  | Reached ****** piety under Zin
 67588 | Abyss:3  | Reached skill level 5 in Maces & Flails
 67633 | Abyss:3  | Paralysed by accursed screaming for 2 turns
 67979 | Abyss:3  | Paralysed by accursed screaming for 1 turns
 68561 | Abyss:3  | Gained mutation: Your magical capacity is low (-10% MP). [a neqoxec]
 68877 | Abyss:3  | Got a pitted brass amulet
 68879 | Abyss:3  | Identified an amulet "Uwyruseh" {Inacc rF+} (You found it on level 3 of the Abyss)
 68951 | Abyss:3  | Got an abyssal rune of Zot
 69195 | Depths:4 | Escaped the Abyss
 69267 | Depths:4 | Got a distressingly furry scale mail
 69278 | Depths:4 | Identified the cursed +0 scale mail "Mostylue" {Dex+5} (You found it on level 4 of the Depths)
 69342 | Depths:4 | Reached skill level 10 in Maces & Flails
 69752 | Depths:4 | Lost mutation: You often lose your temper in combat. [potion of cure mutation]
 69752 | Depths:4 | Lost mutation: Your magical capacity is low (-10% MP). [potion of cure mutation]
 69752 | Depths:4 | Lost mutation: You tend to lose your temper in combat. [potion of cure mutation]
 69796 | Depths:4 | Was forgiven by Trog
 70128 | Depths:5 | Entered Level 5 of the Depths
 70144 | Depths:5 | Reached XP level 26. HP: 245/266 MP: 32/32
 70565 | Depths:5 | Found a shattered altar of Ashenzari.
 70686 | Depths:5 | Reached skill level 15 in Invocations
 71045 | Depths:5 | Found a gate to the Realm of Zot.
 71060 | Depths:5 | Lost intelligence.
 71492 | Hell     | Entered the Vestibule of Hell
 71492 | Hell     | Noticed Geryon
 71535 | Hell     | Killed Geryon
 72331 | Hell     | Found a gateway to the ashen valley of Gehenna.
 72404 | Hell     | Found a gateway to the decaying netherworld of Tartarus.
 72491 | Hell     | Found a gateway to the freezing wastes of Cocytus.
 72522 | Coc:1    | Entered Level 1 of Cocytus
 73448 | Coc:2    | Reached XP level 27. HP: 209/273 MP: 34/34
 73633 | Coc:2    | Upgraded the game from 0.18-b1-14-g029dad2 to 0.18-b1-16-g289874d
 73807 | Coc:3    | Reached skill level 27 in Shields
 74090 | Coc:3    | Reached skill level 1 in Evocations
 74388 | Coc:3    | Reached skill level 5 in Evocations
 75350 | Coc:4    | Reached skill level 10 in Evocations
 75820 | Coc:4    | Lost intelligence.
 77610 | Coc:7    | Entered Level 7 of Cocytus
 78440 | Coc:7    | Noticed Antaeus
 78517 | Coc:7    | Killed Antaeus
 78596 | Coc:7    | HP: 4/273 [blizzard demon/the air (12)]
 80191 | Coc:7    | Got a spiked plate armour
 80195 | Coc:7    | Got an icy rune of Zot
 80625 | Tar:1    | Entered Level 1 of Tartarus
 81048 | Lair:1   | Identified the +6 plate armour "Mukabb" {*Corrode rF++ Regen+ Str-4} (You found it on level 7 of Cocytus)
 81452 | Depths:4 | Voluntarily entered the Abyss.
 81452 | Abyss:1  | Found a corrupted altar of Lugonu.
 81788 | Abyss:1  | Paralysed by accursed screaming for 1 turns
 82319 | Abyss:2  | Found a corrupted altar of Lugonu.
 82462 | Abyss:2  | Found a corrupted altar of Lugonu.
 82755 | Abyss:2  | Gained mutation: You occasionally shout uncontrollably at your foes. [a neqoxec]
 83072 | Abyss:2  | Found a corrupted altar of Lugonu.
 83761 | Abyss:2  | Reached skill level 15 in Maces & Flails
 84423 | Abyss:2  | Found a corrupted altar of Lugonu.
 85643 | Abyss:4  | Reached skill level 1 in Spellcasting
 85668 | Abyss:4  | Paralysed by accursed screaming for 1 turns
 86152 | Abyss:5  | Entered Level 5 of the Abyss
 86154 | Abyss:5  | Found a corrupted altar of Lugonu.
 86434 | Abyss:5  | Found a shimmering altar of Xom.
 86435 | Abyss:5  | Found a shimmering altar of Xom.
 86438 | Abyss:5  | Found a shimmering altar of Xom.
 86438 | Abyss:5  | Found a shimmering altar of Xom.
 86438 | Abyss:5  | Found a corrupted altar of Lugonu.
 86439 | Abyss:5  | Found a shimmering altar of Xom.
 87370 | Depths:4 | Escaped the Abyss
 88201 | Lair:6   | Found a staircase to the Slime Pits.
 88217 | Slime:1  | Entered Level 1 of the Pits of Slime
 90308 | Slime:6  | Entered Level 6 of the Pits of Slime
 90737 | Slime:6  | Found a viscous altar of Jiyva.
 90959 | Slime:6  | Noticed the Royal Jelly
 90979 | Slime:6  | Killed the Royal Jelly
 91402 | Slime:6  | Identified a scroll of acquirement
 91456 | Slime:6  | Identified the Reference Book on Glacial Boosts
 91501 | Slime:6  | Got a scorched scimitar
 91502 | Slime:6  | Identified the cursed +1 scimitar "Dehak" {antimagic, MR- Str+3 Int+2} (You found it on level 6 of the Pits of Slime)
 91521 | Slime:6  | Got a twisted mace
 91522 | Slime:6  | Identified the cursed +2 mace of Alyarphum {venom, Stlth+} (You found it on level 6 of the Pits of Slime)
 91543 | Slime:6  | Got a fine battleaxe
 91549 | Slime:6  | Identified the +7 battleaxe "Bani" {flame, +Inv rPois} (You found it on level 6 of the Pits of Slime)
 91583 | Slime:6  | Got a scorched steel ring
 91585 | Slime:6  | Identified the cursed ring of Spite {MR+ Str-2 Int+3 Dex-2 Slay+2} (You found it on level 6 of the Pits of Slime)
 91590 | Slime:6  | Got a slimy rune of Zot
 91794 | Slime:6  | Got a pair of transparent gloves
 91805 | Slime:6  | Identified the +0 pair of gloves of the Fifty Seas {MR++ Str+5 Stlth-} (You acquired it on level 6 of the Pits of Slime)
 93165 | D:8      | Bought a glowing hand crossbow for 73 gold pieces
 93165 | D:8      | Bought a runed hand crossbow for 73 gold pieces
 93235 | D:8      | Bought the amulet of Mirth {Gourm rF+ MP+9} for 616 gold pieces
 95554 | Zot:1    | Entered Level 1 of the Realm of Zot
 97909 | Zot:2    | Got a translucent chain mail
 97920 | Zot:2    | Identified the +5 chain mail "Vabonioh" {rC+} (You found it on level 2 of the Realm of Zot)
100579 | Zot:4    | Was placed under penance by Zin
101087 | Vaults:1 | Bought a bread ration for 65 gold pieces
101087 | Vaults:1 | Bought a meat ration for 65 gold pieces
101087 | Vaults:1 | Bought a bread ration for 65 gold pieces
101087 | Vaults:1 | Bought a slice of pizza for 19 gold pieces
101087 | Vaults:1 | Bought a bread ration for 65 gold pieces
101087 | Vaults:1 | Bought a bread ration for 65 gold pieces
101087 | Vaults:1 | Bought a bread ration for 65 gold pieces
101087 | Vaults:1 | Bought a slice of pizza for 19 gold pieces
101087 | Vaults:1 | Bought a meat ration for 65 gold pieces
101163 | Vaults:1 | Bought 2 scrolls of identify for 56 gold pieces
101163 | Vaults:1 | Bought 2 scrolls of identify for 56 gold pieces
101163 | Vaults:1 | Bought a scroll of teleportation for 42 gold pieces
101163 | Vaults:1 | Bought 3 scrolls of recharging for 399 gold pieces
101163 | Vaults:1 | Bought a scroll of brand weapon for 280 gold pieces
101163 | Vaults:1 | Bought a scroll of identify for 28 gold pieces
101163 | Vaults:1 | Bought a scroll of identify for 28 gold pieces
101172 | Vaults:1 | Bought a sack of spiders for 720 gold pieces
101172 | Vaults:1 | Bought 2 scrolls of identify for 144 gold pieces
101386 | Vaults:3 | Bought a steaming shortbow for 240 gold pieces
101395 | Vaults:3 | Identified the cursed +2 shortbow of the Beginning {venom, rN++ Str+3} (You bought it in a shop on level 3 of the Vaults)
101812 | Tomb:1   | Entered Level 1 of the Tomb of the Ancients
101818 | Tomb:1   | Was forgiven by Zin
102776 | Tomb:1   | Noticed a greater mummy
102791 | Tomb:1   | Killed a greater mummy
102803 | Tomb:1   | Noticed a greater mummy
102847 | Tomb:1   | Noticed a greater mummy
102854 | Tomb:1   | Killed a greater mummy
102859 | Tomb:1   | Killed a greater mummy
102981 | Tomb:1   | Noticed a greater mummy
102999 | Tomb:1   | Killed a greater mummy
104450 | Tomb:2   | Noticed a greater mummy
104450 | Tomb:2   | Noticed a greater mummy
104450 | Tomb:2   | Noticed a greater mummy
104450 | Tomb:2   | Noticed a greater mummy
105259 | Tomb:1   | Killed a greater mummy
105263 | Tomb:1   | Killed a greater mummy
105587 | Tomb:2   | Killed a greater mummy
105600 | Tomb:2   | Killed a greater mummy
106503 | Tomb:1   | Noticed a greater mummy
106505 | Tomb:1   | Noticed a greater mummy
106505 | Tomb:1   | Noticed a greater mummy
106630 | Tomb:1   | Killed a greater mummy
107032 | Tomb:1   | Noticed a greater mummy
107048 | Tomb:1   | Noticed a greater mummy
107050 | Tomb:1   | Noticed a greater mummy
107050 | Tomb:1   | Killed a greater mummy
107274 | Tomb:1   | Killed a greater mummy
107697 | Tomb:1   | Killed a greater mummy
107704 | Tomb:1   | Killed a greater mummy
107709 | Tomb:1   | Killed a greater mummy
107939 | Tomb:1   | Noticed a greater mummy
107941 | Tomb:1   | Killed a greater mummy
108157 | Tomb:1   | Noticed a greater mummy
108213 | Tomb:1   | Killed a greater mummy
108273 | Tomb:1   | Noticed a greater mummy
108307 | Tomb:1   | Killed a greater mummy
108348 | Tomb:1   | Noticed a greater mummy
108366 | Tomb:1   | Noticed a greater mummy
108440 | Tomb:1   | Killed a greater mummy
108443 | Tomb:1   | Killed a greater mummy
108566 | Tomb:1   | Noticed a greater mummy
108574 | Tomb:1   | Noticed a greater mummy
108671 | Tomb:1   | Killed a greater mummy
109063 | Tomb:1   | Noticed a greater mummy
109069 | Tomb:1   | Killed a greater mummy
109070 | Tomb:1   | Noticed a greater mummy
109077 | Tomb:1   | Killed a greater mummy
109117 | Tomb:1   | Noticed a greater mummy
109209 | Tomb:1   | Killed a greater mummy
109501 | Tomb:1   | Killed a greater mummy
110372 | Tomb:3   | Entered Level 3 of the Tomb of the Ancients
110410 | Tomb:3   | Noticed a greater mummy
110418 | Tomb:3   | Noticed a greater mummy
110759 | Tomb:3   | Noticed a greater mummy
111383 | Tomb:2   | Killed a greater mummy
111391 | Tomb:2   | Killed a greater mummy
111564 | Tomb:3   | Noticed a greater mummy
112129 | Tomb:3   | Killed a greater mummy
112129 | Tomb:3   | Killed a greater mummy
113129 | Tomb:3   | Noticed a greater mummy
113201 | Tomb:3   | Killed a greater mummy
113266 | Tomb:3   | Noticed a greater mummy
113278 | Tomb:3   | Killed a greater mummy
113361 | Tomb:3   | Noticed a greater mummy
113840 | Tomb:3   | Noticed a greater mummy
113847 | Tomb:3   | Killed a greater mummy
113857 | Tomb:3   | Killed a greater mummy
114013 | Tomb:3   | Identified the Papyrus of Dark Enchantment
114166 | Tomb:3   | Got a golden rune of Zot
114187 | Tomb:3   | Noticed a greater mummy
114196 | Tomb:3   | Killed a greater mummy
114239 | Tomb:3   | Got a jewelled broad axe
114241 | Tomb:3   | Identified the cursed +2 broad axe of Qeits {elec, rPois MR- Dex+3} (You found it on level 3 of the Tomb of the Ancients)
114278 | Tomb:3   | Got a faintly glowing sapphire amulet
114280 | Tomb:3   | Identified the amulet of Aplaf {+Rage rN+ Slay+2} (You found it on level 3 of the Tomb of the Ancients)
114283 | Tomb:3   | Got a warped spear
114284 | Tomb:3   | Identified the +6 spear of Trial by Ordeal {elec, rPois Dex+5} (You found it on level 3 of the Tomb of the Ancients)
114295 | Tomb:3   | Identified a +8 rod of clouds (12/12) (You found it on level 3 of the Tomb of the Ancients)
114332 | Tomb:3   | Got a clouded pewter amulet
114334 | Tomb:3   | Identified the amulet "Foanyujuec" {Reflect +Fly rF+ SH+4} (You found it on level 3 of the Tomb of the Ancients)
114339 | Tomb:3   | Got a pitted chain mail
114350 | Tomb:3   | Identified the +8 chain mail "Duunerhu" {rElec} (You found it on level 3 of the Tomb of the Ancients)
114391 | Tomb:3   | Reached skill level 15 in Evocations
115510 | Vaults:4 | Bought the ring of Ymeki {Wiz rElec rF++ Dex-3} for 1159 gold pieces
116206 | Geh:1    | Entered Level 1 of Gehenna
118013 | Geh:3    | Reached skill level 27 in Armour
122535 | Geh:7    | Entered Level 7 of Gehenna
122606 | Geh:7    | Noticed the Serpent of Hell
122629 | Geh:7    | Killed the Serpent of Hell
122629 | Geh:7    | Reached skill level 27 in Invocations
123706 | Geh:7    | Was placed under penance by Zin
124159 | Geh:7    | Was forgiven by Zin
124573 | Geh:7    | Noticed Asmodeus
124593 | Geh:7    | Killed Asmodeus
124630 | Geh:7    | Got an obsidian rune of Zot
125322 | Zig:1    | Entered Level 1 of a ziggurat
125343 | Zig:2    | Entered Level 2 of a ziggurat
125517 | Zig:3    | Entered Level 3 of a ziggurat
125523 | Zig:3    | Noticed Hefo the pandemonium lord
125535 | Zig:3    | Killed Hefo the pandemonium lord
125606 | Zig:4    | Entered Level 4 of a ziggurat
125652 | Zig:5    | Entered Level 5 of a ziggurat
125655 | Zig:5    | Noticed a juggernaut
125673 | Zig:5    | Killed a juggernaut
125698 | Zig:6    | Entered Level 6 of a ziggurat
125711 | Zig:6    | Noticed Guingydgh the pandemonium lord
125751 | Zig:6    | Killed Guingydgh the pandemonium lord
125763 | Zig:6    | Identified the Papyrus of Darkness and Orientation
125779 | Zig:6    | Got a jet-encrusted ring mail
125790 | Zig:6    | Identified the cursed +1 ring mail of the Hurricane {Str+5 Int+3} (You found it on level 6 of a ziggurat)
125928 | Zig:7    | Entered Level 7 of a ziggurat
125941 | Zig:7    | Paralysed by accursed screaming for 2 turns
125950 | Zig:7    | Paralysed by accursed screaming for 2 turns
125984 | Zig:8    | Entered Level 8 of a ziggurat
126261 | Zig:9    | Entered Level 9 of a ziggurat
126470 | Zig:10   | Entered Level 10 of a ziggurat
126628 | Zig:11   | Entered Level 11 of a ziggurat
126780 | Zig:11   | Got a pitted jade ring
126782 | Zig:11   | Identified the ring "Iwoc" {MR+ MP+9 Dex+3} (You found it on level 11 of a ziggurat)
126793 | Zig:11   | Got a clouded steel amulet
126796 | Zig:11   | Identified the amulet of Doubt {+Rage Str-2 Int+6} (You found it on level 11 of a ziggurat)
126832 | Zig:12   | Entered Level 12 of a ziggurat
126843 | Zig:12   | Noticed Zesik the pandemonium lord
126909 | Zig:12   | Was placed under penance by Zin
126917 | Zig:12   | Killed Zesik the pandemonium lord
127879 | Zig:12   | Was forgiven by Zin
127915 | Zig:12   | Got a twitching marble ring
127917 | Zig:12   | Identified the ring "Plog" {MR- EV+3 Int+2 Stlth+} (You found it on level 12 of a ziggurat)
127945 | Zig:13   | Entered Level 13 of a ziggurat
127961 | Zig:13   | Noticed a juggernaut
127965 | Zig:13   | Noticed a juggernaut
127974 | Zig:13   | Killed a juggernaut
127985 | Zig:13   | Killed a juggernaut
128052 | Zig:13   | Got a crude ruby amulet
128055 | Zig:13   | Identified the amulet of Jisubliz {Reflect rC- MP+9 Int+2 Dex+5 SH+2} (You found it on level 13 of a ziggurat)
128101 | Zig:13   | Got a scorched scale mail
128107 | Zig:13   | Identified the +0 scale mail of Noughts and Crosses {+Fly rC- Regen+} (You found it on level 13 of a ziggurat)
128145 | Zig:14   | Entered Level 14 of a ziggurat
128259 | Zig:14   | Got a flickering copper ring
128261 | Zig:14   | Identified the ring "Qiehor" {AC+2 Int+5} (You found it on level 14 of a ziggurat)
128454 | Zig:15   | Entered Level 15 of a ziggurat
128559 | Zig:15   | Got a heavily runed ring mail
128570 | Zig:15   | Identified the +5 ring mail of Kueff {MR+} (You found it on level 15 of a ziggurat)
128600 | Zig:15   | Identified a +2 rod of ignition (12/12) (You found it on level 15 of a ziggurat)
128628 | Zig:16   | Entered Level 16 of a ziggurat
129254 | Zig:16   | Got a fine war axe
129255 | Zig:16   | Identified the +3 war axe "Defoteul" {chop, rElec Int+5 Dex+2} (You found it on level 16 of a ziggurat)
129258 | Zig:16   | Got a pitted lajatang
129264 | Zig:16   | Identified the +8 lajatang of Ugekhy {drain, *Noise rF+ rN+} (You found it on level 16 of a ziggurat)
129288 | Zig:16   | Identified a +1 pair of boots of running (You found it on level 16 of a ziggurat)
129336 | Zig:17   | Entered Level 17 of a ziggurat
129481 | Zig:17   | Got a coiled ruby amulet
129483 | Zig:17   | Identified the amulet of Temperance {Reflect rF+ SH+4} (You found it on level 17 of a ziggurat)
129533 | Zig:17   | Identified a +4 rod of shadows (11/11) (You found it on level 17 of a ziggurat)
129567 | Zig:17   | Got a translucent ice dragon armour
129578 | Zig:17   | Identified the +5 ice dragon armour of the Other World {rF- rC++ rCorr SInv} (You found it on level 17 of a ziggurat)
129639 | Zig:18   | Entered Level 18 of a ziggurat
129994 | Zig:18   | Got a pair of fine boots
130005 | Zig:18   | Identified the +2 pair of boots "Valo" {*Drain rPois rCorr Str+6} (You found it on level 18 of a ziggurat)
130019 | Zig:18   | Got a smoking hand crossbow
130020 | Zig:18   | Identified the +5 hand crossbow "Soiraun" {flame, rPois MP+9 Stlth+} (You found it on level 18 of a ziggurat)
130030 | Zig:18   | Identified a +4 rod of clouds (13/13) (You found it on level 18 of a ziggurat)
130134 | Zig:19   | Entered Level 19 of a ziggurat
130299 | Zig:19   | Got a wavering lead ring
130300 | Zig:19   | Identified the ring "Luuclo Roso" {rN+ Dex+3} (You found it on level 19 of a ziggurat)
130334 | Zig:19   | Got a vibrating platinum amulet
130336 | Zig:19   | Identified the amulet of the Sun {+Rage rC+ MR+} (You found it on level 19 of a ziggurat)
130341 | Zig:19   | Drew Focus: Str increased to 33, Int decreased to 3
130551 | Zig:20   | Entered Level 20 of a ziggurat
130709 | Zig:20   | Gained mutation: Your magical capacity is low (-10% MP). [a cacodemon]
131094 | Zig:20   | Got a crude buckler
131105 | Zig:20   | Identified the +3 buckler of Infinity {*Corrode rF+++ rC+ Int+3} (You found it on level 20 of a ziggurat)
131126 | Zig:21   | Entered Level 21 of a ziggurat
131269 | Zig:21   | Donated 2905 gold pieces to Zin
131277 | Zig:21   | Got a vibrating silver ring
131279 | Zig:21   | Identified the ring "Nanowyog" {rPois Int+3 Dex+4} (You found it on level 21 of a ziggurat)
131311 | Zig:21   | Got a faintly glowing arbalest
131327 | Zig:21   | Identified the +5 arbalest "Tueth" {freeze, +Inv Str+4} (You found it on level 21 of a ziggurat)
131331 | Zig:21   | Got a twisted chain mail
131342 | Zig:21   | Identified the +7 chain mail "Rynoit" {rF++ rN+} (You found it on level 21 of a ziggurat)
131378 | Zig:21   | Got a dazzling glaive
131379 | Zig:21   | Identified the +8 glaive of Balance {antimagic, rElec rF+ rC+ Stlth-} (You found it on level 21 of a ziggurat)
131484 | Zig:22   | Entered Level 22 of a ziggurat
131519 | Zig:22   | Noticed a juggernaut
131528 | Zig:22   | Noticed a juggernaut
131541 | Zig:22   | Killed a juggernaut
131546 | Zig:22   | Noticed a juggernaut
131557 | Zig:22   | Noticed a juggernaut
131561 | Zig:22   | Killed a juggernaut
131563 | Zig:22   | Killed a juggernaut
131618 | Zig:22   | Killed a juggernaut
131962 | Zig:22   | Got a brightly glowing lead ring
131964 | Zig:22   | Identified the ring of Mat Yfin {rF+ rC+++ rN++ Dex-2} (You found it on level 22 of a ziggurat)
131970 | Zig:22   | Got a pitted brass ring
131972 | Zig:22   | Identified the cursed ring "Duxtuk" {MP+9 Str-2} (You found it on level 22 of a ziggurat)
132024 | Zig:23   | Entered Level 23 of a ziggurat
132041 | Zig:23   | Drew Focus: Str increased to 34, Int decreased to 2
132073 | Zig:23   | Noticed Raxtum the pandemonium lord
132095 | Zig:23   | HP: 2/409 [hellion/damnation (30)]
132122 | Zig:23   | Was placed under penance by Zin
133396 | Tar:2    | Was forgiven by Zin
136870 | Tar:5    | Lost intelligence.
137034 | Tar:5    | Reached skill level 27 in Dodging
137143 | Tar:6    | Was placed under penance by Zin
137571 | Hell     | Upgraded the game from 0.18-b1-16-g289874d to 0.18-b1-18-g7758cf2
137833 | Tar:2    | Reached skill level 27 in Evocations
137833 | Tar:2    | Was forgiven by Zin
137834 | Tar:2    | Reached skill level 1 in Throwing
138385 | Tar:2    | Reached skill level 5 in Throwing
139071 | Tar:4    | Lost intelligence.
139617 | Tar:6    | Reached skill level 10 in Throwing
140547 | Tar:7    | Entered Level 7 of Tartarus
141549 | Tar:7    | Reached skill level 15 in Throwing
141890 | Tar:7    | Lost intelligence.
143034 | Tar:7    | Noticed Ereshkigal
143067 | Tar:7    | Killed Ereshkigal
143122 | Tar:7    | Got a bone rune of Zot
143134 | Tar:7    | Got a faintly glowing war axe
143135 | Tar:7    | Identified the cursed +0 war axe "Ageown Dijio" {drain, MR+} (You found it on level 7 of Tartarus)
143183 | Tar:7    | Lost intelligence.
143183 | Tar:7    | Gained mutation: You are dopey. (Int -2) [mutagenic glow]
143960 | Hell     | Found a gateway to the Iron City of Dis.
143971 | Dis:1    | Entered Level 1 of the Iron City of Dis
144902 | Elf:2    | You showed the slimy rune of Zot to enter a treasure trove
144903 | Trove    | Entered a treasure trove
144934 | Trove    | Got a twitching silver amulet
144936 | Trove    | Identified the amulet "Iciad" {Regen+ Int+4} (You found it in a treasure trove)
145817 | Vaults:2 | Got an ichor-stained blowgun
145818 | Vaults:2 | Identified the cursed +2 blowgun "Kilufro" {evade, Str+3 SInv} (You found it on level 2 of the Vaults)
146336 | D:9      | Lost intelligence.
147094 | Pan      | Entered Pandemonium
147820 | Pan      | Found a runed door.
147882 | Pan      | Got an ebony lajatang
147891 | Pan      | Identified the +10 lajatang "Rivuz" {venom, Dex+8} (You found it in Pandemonium)
147919 | Pan      | Found an exit through the horrors of the Abyss.
148011 | Pan      | Found a runed door.
148018 | Pan      | Found a runed door.
148019 | Pan      | Noticed Hixil the pandemonium lord
148027 | Pan      | Killed Hixil the pandemonium lord
148028 | Pan      | Found a runed door.
148086 | Pan      | Lost intelligence.
148193 | Pan      | Got an ebony glaive {flame}
148199 | Pan      | Identified the +8 glaive "Muni" {flame, MR+ Str+4} (You took it off a red devil in Pandemonium)
148705 | Pan      | Lost intelligence.
148840 | Pan      | Lost intelligence.
149006 | Pan      | Lost intelligence.
149290 | Pan      | Found an exit through the horrors of the Abyss.
149304 | Pan      | Noticed Kabonuy the pandemonium lord
149327 | Pan      | Killed Kabonuy the pandemonium lord
149697 | Pan      | Reached skill level 5 in Stealth
150864 | Pan      | Lost intelligence.
151378 | Pan      | Lost intelligence.
151642 | Pan      | Got a demonic rune of Zot
151874 | Pan      | Lost intelligence.
152219 | Pan      | Lost intelligence.
152294 | Pan      | Found an exit through the horrors of the Abyss.
153055 | Pan      | Got a pair of pitted boots
153056 | Pan      | Identified the +1 pair of boots of Birdsong {Str+4} (You found it in Pandemonium)
153384 | Pan      | Reached skill level 10 in Stealth
153636 | Pan      | Lost intelligence.
153781 | Pan      | Lost intelligence.
153795 | Pan      | Found an exit through the horrors of the Abyss.
154030 | Pan      | Lost intelligence.
154197 | Pan      | Lost mutation: You are dopey. (Int -2) [potion of cure mutation]
154197 | Pan      | Lost mutation: Your magical capacity is low (-10% MP). [potion of cure mutation]
154197 | Pan      | Lost mutation: You occasionally shout uncontrollably at your foes. [potion of cure mutation]
155878 | Pan      | Identified a +4 rod of shadows (10/10) (You found it in Pandemonium)
155890 | Pan      | Found an exit through the horrors of the Abyss.
156260 | Pan      | Found a runed door.
156428 | Pan      | Noticed Xixeheq the pandemonium lord
156431 | Pan      | Killed Xixeheq the pandemonium lord
156482 | Pan      | Noticed Gyantyeg the pandemonium lord
156522 | Pan      | Reached skill level 15 in Stealth
156931 | Pan      | Found an exit through the horrors of the Abyss.
157642 | Pan      | Killed Gyantyeg the pandemonium lord
157884 | Depths:5 | Escaped Pandemonium
160167 | Pan      | Entered Pandemonium
160681 | Pan      | Found a white marble altar of Elyvilon.
161680 | Pan      | Found a glowing silver altar of Zin.
161910 | Pan      | Got a dazzling great mace
161916 | Pan      | Identified the +4 great mace "Iniduhyl" {pain, rElec rC+ rN+ Dex+3} (You found it in Pandemonium)
162155 | Pan      | Found a glowing golden altar of the Shining One.
162156 | Pan      | Noticed a seraph
162169 | Pan      | Killed a seraph
162440 | Pan      | Donated 2586 gold pieces to Zin
162471 | Pan      | Got a wavering amber ring
162484 | Pan      | Identified the ring "Plog" {+Blink +Fly rPois AC+3 Str-2} (You found it in Pandemonium)
162517 | Pan      | Got a smoking hand axe
162518 | Pan      | Identified the +4 hand axe of Anger {chop, rElec rC+ MR+ MP+9} (You found it in Pandemonium)
162875 | Pan      | Got a brightly glowing hand axe
162876 | Pan      | Identified the cursed +0 hand axe "Nutih" {freeze, rPois rC+ Str-2 Int+2} (You found it in Pandemonium)
163222 | Pan      | Found an exit through the horrors of the Abyss.
163404 | Pan      | Found a runed door.
163428 | Pan      | Found a runed door.
163428 | Pan      | Noticed Nad Kat the pandemonium lord
163766 | Pan      | Killed Nad Kat the pandemonium lord
163794 | Pan      | Found a runed door.
163794 | Pan      | Found a runed door.
164194 | Pan      | Entered the realm of Mnoleg.
164194 | Pan      | Noticed Mnoleg
164201 | Pan      | Paralysed by a giant eyeball for 3 turns
164222 | Pan      | Killed Mnoleg
164743 | Pan      | Found an exit through the horrors of the Abyss.
165101 | Pan      | Got a glowing rune of Zot
165547 | Pan      | Got an ichor-stained war axe
165548 | Pan      | Identified the +5 war axe of Armageddon {chop, *Corrode rN+ Int+3} (You found it in Pandemonium)
165597 | Pan      | Noticed Rimpourr the pandemonium lord
165628 | Pan      | Killed Rimpourr the pandemonium lord
165882 | Pan      | Found an exit through the horrors of the Abyss.
166078 | Pan      | Entered the realm of Cerebov.
166258 | Pan      | Noticed Cerebov
166281 | Pan      | Killed Cerebov
166501 | Pan      | Got a flickering marble ring
166502 | Pan      | Identified the ring of Yloudoi {MR++ EV+5} (You took it off a balrug in Pandemonium)
166630 | Pan      | Got a fiery rune of Zot
166671 | Pan      | Reached skill level 1 in Crossbows
166699 | Pan      | Found an exit through the horrors of the Abyss.
167127 | Pan      | Reached skill level 5 in Crossbows
167602 | Pan      | Noticed Plog the pandemonium lord
167607 | Pan      | Was placed under penance by Zin
167623 | Pan      | Killed Plog the pandemonium lord
167628 | Pan      | Was forgiven by Zin
167937 | Pan      | Got a brightly glowing bone ring
167938 | Pan      | Identified the ring of Buhidd Fiseo {rC+ MR+ Stlth+} (You found it in Pandemonium)
168249 | Pan      | Found an exit through the horrors of the Abyss.
168466 | Pan      | Reached skill level 10 in Crossbows
168687 | Pan      | Found an exit through the horrors of the Abyss.
169040 | Pan      | Noticed Tumuuklo the pandemonium lord
169054 | Pan      | Killed Tumuuklo the pandemonium lord
169499 | Pan      | Found an exit through the horrors of the Abyss.
169979 | Pan      | Noticed Voerhirch the pandemonium lord
169992 | Pan      | Killed Voerhirch the pandemonium lord
170312 | Pan      | Found a runed door.
170321 | Pan      | Noticed Ignacio
170433 | Pan      | Killed Ignacio
170729 | Pan      | Found an exit through the horrors of the Abyss.
171362 | Pan      | Noticed Nivvec the pandemonium lord
171380 | Pan      | Killed Nivvec the pandemonium lord
171449 | Pan      | Noticed Jusommyc the pandemonium lord
171451 | Pan      | Was placed under penance by Zin
171469 | Pan      | Killed Jusommyc the pandemonium lord
171760 | Pan      | Found an exit through the horrors of the Abyss.
172126 | Pan      | Donated 1978 gold pieces to Zin
172138 | Pan      | Was forgiven by Zin
172321 | Depths:5 | Escaped Pandemonium
174259 | Dis:7    | Entered Level 7 of the Iron City of Dis
174373 | Dis:7    | Reached skill level 27 in Throwing
176264 | Dis:7    | Noticed Dispater
176322 | Dis:7    | Killed Dispater
176331 | Dis:7    | Got an iron rune of Zot
176440 | Dis:7    | Got an iridescent spear {elec}
176441 | Dis:7    | Identified the cursed +2 spear "Ykumnucw" {elec, rF+ rN+ MR- MP+9 SInv} (You took it off an iron imp on level 7 of the Iron City of Dis)
176608 | Dis:7    | Got a brightly glowing hat
176619 | Dis:7    | Identified the cursed -1 hat "Leuvorip" {MP+9} (You found it on level 7 of the Iron City of Dis)
177043 | Pan      | Entered Pandemonium
177110 | Pan      | Noticed Odurphumo the pandemonium lord
177122 | Pan      | Killed Odurphumo the pandemonium lord
177514 | Pan      | Found an exit through the horrors of the Abyss.
177559 | Pan      | Reached skill level 27 in Stealth
177794 | Pan      | Found an exit through the horrors of the Abyss.
178101 | Pan      | Noticed Radivag the pandemonium lord
178107 | Pan      | Killed Radivag the pandemonium lord
178122 | Pan      | Reached skill level 15 in Crossbows
178520 | Pan      | Found an exit through the horrors of the Abyss.
178709 | Pan      | Noticed Lohiy the pandemonium lord
178719 | Pan      | Killed Lohiy the pandemonium lord
179106 | Pan      | Noticed Behatt the pandemonium lord
179106 | Pan      | Found an exit through the horrors of the Abyss.
179115 | Pan      | Killed Behatt the pandemonium lord
179284 | Pan      | Noticed Juffopn the pandemonium lord
179294 | Pan      | Killed Juffopn the pandemonium lord
179961 | Pan      | Found an exit through the horrors of the Abyss.
180945 | Pan      | Found an exit through the horrors of the Abyss.
181075 | Pan      | Noticed Hunupnab the pandemonium lord
181090 | Pan      | Killed Hunupnab the pandemonium lord
181710 | Pan      | Noticed Siwkuby the pandemonium lord
181721 | Pan      | Killed Siwkuby the pandemonium lord
182410 | Pan      | Found an exit through the horrors of the Abyss.
182459 | Pan      | Noticed Asehau the pandemonium lord
182472 | Pan      | Killed Asehau the pandemonium lord
183277 | Pan      | Found an exit through the horrors of the Abyss.
183291 | Pan      | Noticed Muwniw the pandemonium lord
183309 | Pan      | Killed Muwniw the pandemonium lord
184376 | Pan      | Noticed Keshus the pandemonium lord
184391 | Pan      | Killed Keshus the pandemonium lord
184507 | Pan      | Found an exit through the horrors of the Abyss.
184681 | Pan      | Got a pair of fine gloves
184682 | Pan      | Identified the +0 pair of gloves of Negation {Str+4} (You found it in Pandemonium)
184700 | Pan      | Found an exit through the horrors of the Abyss.
184859 | Pan      | Found a runed door.
184866 | Pan      | Found a runed door.
184867 | Pan      | Found a runed door.
184874 | Pan      | Noticed Nydeut the pandemonium lord
184889 | Pan      | Killed Nydeut the pandemonium lord
184893 | Pan      | Found a runed door.
185712 | Pan      | Noticed Kounocw the pandemonium lord
185720 | Pan      | Killed Kounocw the pandemonium lord
185768 | Pan      | Found an exit through the horrors of the Abyss.
186408 | Pan      | Lost intelligence.
186447 | Pan      | Found an exit through the horrors of the Abyss.
186490 | Pan      | Lost intelligence.
186711 | Pan      | Noticed Tefebb the pandemonium lord
186721 | Pan      | Killed Tefebb the pandemonium lord
187129 | Pan      | Found an exit through the horrors of the Abyss.
188345 | Pan      | Found an exit through the horrors of the Abyss.
188400 | Pan      | Found a runed door.
188420 | Pan      | Lost intelligence.
188466 | Pan      | Noticed Kelootz the pandemonium lord
188478 | Pan      | Killed Kelootz the pandemonium lord
188478 | Pan      | Reached skill level 27 in Crossbows
188478 | Pan      | Reached skill level 1 in Unarmed Combat
188996 | Pan      | Reached skill level 5 in Unarmed Combat
189026 | Pan      | Noticed Joun the pandemonium lord
189037 | Pan      | Killed Joun the pandemonium lord
189180 | Pan      | Found an exit through the horrors of the Abyss.
189862 | Pan      | Reached skill level 10 in Unarmed Combat
190014 | Pan      | Found an exit through the horrors of the Abyss.
190084 | Pan      | Got a transparent sapphire amulet
190086 | Pan      | Identified the amulet of Ceet {+Rage rC+ Dex+2} (You found it in Pandemonium)
190587 | Pan      | Noticed Ulewk the pandemonium lord
190600 | Pan      | Killed Ulewk the pandemonium lord
190694 | Pan      | Reached skill level 5 in Spellcasting
190764 | Pan      | Found an exit through the horrors of the Abyss.
190978 | Pan      | Noticed Xuigum the pandemonium lord
190990 | Pan      | Killed Xuigum the pandemonium lord
191588 | Pan      | Found an exit through the horrors of the Abyss.
191794 | Pan      | Got a translucent chain mail
191795 | Pan      | Identified the +6 chain mail "Hitto" {rPois Dex+4} (You found it in Pandemonium)
191841 | Pan      | Noticed Emouhergh the pandemonium lord
191851 | Pan      | Killed Emouhergh the pandemonium lord
192308 | Pan      | Reached skill level 10 in Spellcasting
192783 | Pan      | Entered the realm of Gloorx Vloq.
193000 | Pan      | Found an exit through the horrors of the Abyss.
193216 | Pan      | Noticed Gloorx Vloq
193256 | Pan      | Killed Gloorx Vloq
193303 | Pan      | Got a dark rune of Zot
193745 | Pan      | Noticed Qeeggil the pandemonium lord
193754 | Pan      | Killed Qeeggil the pandemonium lord
193904 | Pan      | Found an exit through the horrors of the Abyss.
194228 | Pan      | Found an exit through the horrors of the Abyss.
194703 | Pan      | Noticed Xefyjos the pandemonium lord
194719 | Pan      | Killed Xefyjos the pandemonium lord
194897 | Pan      | Found an exit through the horrors of the Abyss.
196013 | Pan      | Found an exit through the horrors of the Abyss.
196679 | Pan      | Found a runed door.
196688 | Pan      | Found a runed door.
196689 | Pan      | Found a runed door.
196689 | Pan      | Found a runed door.
196689 | Pan      | Noticed Jalouj the pandemonium lord
196702 | Pan      | Killed Jalouj the pandemonium lord
196744 | Pan      | Found an exit through the horrors of the Abyss.
196908 | Pan      | Noticed Qodete the pandemonium lord
196909 | Pan      | Reached skill level 15 in Spellcasting
196941 | Pan      | Killed Qodete the pandemonium lord
197083 | Pan      | Found an exit through the horrors of the Abyss.
197409 | Pan      | Noticed Itiottiph the pandemonium lord
197440 | Pan      | Killed Itiottiph the pandemonium lord
197651 | Pan      | Found an exit through the horrors of the Abyss.
198011 | Pan      | Noticed Warra the pandemonium lord
198016 | Pan      | Drew Focus: Str increased to 35, Int decreased to 1
198050 | Pan      | Killed Warra the pandemonium lord
198078 | Pan      | Got a scintillating jade ring
198079 | Pan      | Identified the ring of the Original Sin {rCorr rPois rN+ MP+9 Dex-4} (You found it in Pandemonium)
198270 | Pan      | Found an exit through the horrors of the Abyss.
198384 | Pan      | Entered the realm of Lom Lobon.
198409 | Pan      | Found an exit through the horrors of the Abyss.
198598 | Pan      | Noticed Lom Lobon
198640 | Pan      | Killed Lom Lobon
198805 | Pan      | Got a magical rune of Zot
198967 | Pan      | Upgraded the game from 0.18-b1-18-g7758cf2 to 0.18-b1-22-ge198996
199263 | Pan      | Found a huge runed gate.
199288 | Pan      | Noticed Vuethys the pandemonium lord
199316 | Pan      | Killed Vuethys the pandemonium lord
199425 | Pan      | Lost intelligence.
199491 | Pan      | Found an exit through the horrors of the Abyss.
199950 | Pan      | Noticed Fuuduk Opsua the pandemonium lord
199951 | Pan      | Lost intelligence.
199985 | Pan      | Killed Fuuduk Opsua the pandemonium lord
200017 | Pan      | Lost intelligence.
200355 | Pan      | Found an exit through the horrors of the Abyss.
200368 | Pan      | Gained mutation: Scrolls take you a little longer to read. [a neqoxec]
200601 | Pan      | Found an exit through the horrors of the Abyss.
200748 | Pan      | Noticed Pomiheri the pandemonium lord
201357 | Pan      | Noticed Tuabar the pandemonium lord
201376 | Pan      | Killed Tuabar the pandemonium lord
201856 | Pan      | Found an exit through the horrors of the Abyss.
202225 | Pan      | Found an exit through the horrors of the Abyss.
202579 | Pan      | Noticed Cyad the pandemonium lord
202594 | Pan      | Killed Cyad the pandemonium lord
202793 | Pan      | Noticed Gydebeog the pandemonium lord
202843 | Pan      | Killed Gydebeog the pandemonium lord
203012 | Pan      | Found an exit through the horrors of the Abyss.
203899 | Pan      | Noticed Roaseroc the pandemonium lord
203914 | Pan      | Killed Roaseroc the pandemonium lord
203969 | Pan      | Got a faintly glowing emerald amulet
203972 | Pan      | Identified the amulet of Morality {Spirit +Inv MR+} (You found it in Pandemonium)
204380 | Pan      | Found an exit through the horrors of the Abyss.
204685 | Pan      | Noticed Fup Xeer the pandemonium lord
204705 | Pan      | Killed Fup Xeer the pandemonium lord
204720 | Depths:5 | Escaped Pandemonium
205143 | Zot:5    | Entered Level 5 of the Realm of Zot
205633 | Zot:5    | Noticed an ancient lich
205637 | Zot:5    | Killed an ancient lich
205774 | Zot:5    | Noticed an orb of fire
205778 | Zot:5    | Killed an orb of fire
205788 | Zot:5    | Noticed an ancient lich
205793 | Zot:5    | Killed an ancient lich
205813 | Zot:5    | Noticed an ancient lich
205818 | Zot:5    | Killed an ancient lich
205899 | Zot:5    | Got the Orb of Zot
205996 | Zot:5    | Noticed an ancient lich
206002 | Zot:5    | Noticed an ancient lich
206010 | Zot:4    | Killed an ancient lich
206162 | Zot:1    | Noticed Ynisenn the pandemonium lord
206173 | Zot:1    | Killed Ynisenn the pandemonium lord
206260 | Depths:4 | Noticed Leegoafi the pandemonium lord
206293 | Depths:4 | Killed Leegoafi the pandemonium lord
206298 | Depths:4 | Noticed Wasiss the pandemonium lord
206341 | Depths:2 | Noticed Lifen the pandemonium lord
206346 | Depths:2 | Killed Lifen the pandemonium lord
206429 | Depths:1 | Noticed Hoghoefo the pandemonium lord
206774 | D:7      | Noticed Ashotres the pandemonium lord
206879 | D:4      | Noticed Ibecen the pandemonium lord
206895 | D:4      | Killed Ibecen the pandemonium lord
206959 | D:3      | Noticed Gororghok the pandemonium lord
206982 | D:2      | Noticed Dyovet the pandemonium lord
207023 | D:$      | Escaped with the Orb!

Skill      XL: |  1  2  3  4  5  6  7  8  9 10 11 12 13 14 15 16 17 18 19 20 21 22 23 24 25 26 27 |
---------------+----------------------------------------------------------------------------------+-----
Fighting       | 4 5 6 7 10 11 12 13 15 16 17 18 21 23 24 25 26 27 | 27.0
Axes           | 4 5 6 8 10 12 14 15 17 18 23 | 23.4
Stealth        | 1 27 | 27.0
Armour         | 3 4 5 6 7 8 9 10 11 13 14 15 16 17 18 19 20 22 27 | 27.0
Dodging        | 3 4 5 6 7 8 9 10 12 13 14 16 17 27 | 27.0
Polearms       | 1 |  1.7
Shields        | 3 5 6 9 13 18 19 20 21 23 25 26 27 | 27.0
Invocations    | 6 10 14 16 27 | 27.0
Maces & Flails | 11 25 | 25.4
Evocations     | 27 | 27.0
Spellcasting   | 23 | 23.1
Throwing       | 27 | 27.0
Crossbows      | 27 | 27.0
Unarmed Combat | 11 | 11.4

Action                   |  1- 3 |  4- 6 |  7- 9 | 10-12 | 13-15 | 16-18 | 19-21 | 22-24 | 25-27 || total
-------------------------+-------+-------+-------+-------+-------+-------+-------+-------+-------++-------
Melee: Hand axe          |    49 |   178 |   207 |   506 |   167 |       |       |       |       ||  1107
       Headbutt          |     9 |    31 |    48 |   176 |   386 |   298 |   335 |   441 |  5318 ||  7042
       Trident           |       |       |    13 |       |       |       |       |       |       ||    13
       Battleaxe         |       |       |       |    94 |       |       |       |       |       ||    94
       War axe           |       |       |       |    65 |   599 |    10 |       |       |   182 ||   856
       Broad axe         |       |       |       |       |   586 |  1278 |  1263 |  1290 |  8005 || 12422
       Demon whip        |       |       |       |       |       |       |    58 |       |       ||    58
       Sacred scourge    |       |       |       |       |       |       |       |    45 |  9323 ||  9368
       Unarmed           |       |       |       |       |       |       |       |       |    18 ||    18
 Fire: Blowgun           |       |       |       |       |       |       |       |       |     5 ||     5
Throw: Javelin           |       |       |       |       |       |       |       |       |   251 ||   251
       Tomahawk          |       |       |       |       |       |       |       |       |   119 ||   119
Invok: Berserk           |     1 |       |     9 |    19 |    21 |    23 |    27 |     4 |       ||   104
       Brothers in Arms  |       |       |       |     3 |     2 |    14 |     9 |     7 |       ||    35
       Burn Spellbooks   |       |       |       |     2 |     3 |     1 |     1 |     2 |       ||     9
       Trog's Hand       |       |       |       |     1 |     2 |     3 |     2 |     4 |       ||    12
       Divine Shield     |       |       |       |       |       |       |       |     9 |       ||     9
       Summon Divine War |       |       |       |       |       |       |       |     1 |       ||     1
       Vitalisation      |       |       |       |       |       |       |       |     7 |   193 ||   200
       Recite            |       |       |       |       |       |       |       |     1 |   272 ||   273
       Sanctuary         |       |       |       |       |       |       |       |     1 |    37 ||    38
       Brand Weapon With |       |       |       |       |       |       |       |     1 |       ||     1
       Donate Gold       |       |       |       |       |       |       |       |       |     4 ||     4
       Imprison          |       |       |       |       |       |       |       |       |     1 ||     1
 Abil: Evoke Berserk Rag |       |       |       |       |       |       |       |       |   103 ||   103
       Evoke Flight      |       |       |       |       |       |       |       |       |     7 ||     7
       Evoke Blink       |       |       |       |       |       |       |       |       |     1 ||     1
Evoke: Wand              |       |       |       |       |       |     1 |       |       |   128 ||   129
       Fan of gales      |       |       |       |       |       |       |     1 |     2 |    48 ||    51
       Box of beasts     |       |       |       |       |       |       |     1 |     1 |       ||     2
       Stone of tremors  |       |       |       |       |       |       |       |     2 |     4 ||     6
       Lamp of fire      |       |       |       |       |       |       |       |     2 |    44 ||    46
       Deck              |       |       |       |       |       |       |       |     2 |    82 ||    84
       Phial of floods   |       |       |       |       |       |       |       |     1 |    27 ||    28
       Rod               |       |       |       |       |       |       |       |     1 |    23 ||    24
       Sack of spiders   |       |       |       |       |       |       |       |       |     7 ||     7
       Figurine of a zig |       |       |       |       |       |       |       |       |     1 ||     1
  Use: Scroll            |       |       |       |    11 |    20 |    12 |     4 |    32 |   173 ||   252
       Potion            |       |       |       |       |       |     1 |     1 |    10 |    86 ||    98
 Stab: Sleeping          |     2 |       |       |       |       |       |       |       |    25 ||    27
       Confused          |       |       |       |     1 |       |       |       |     1 |    90 ||    92
       Distracted        |       |       |       |       |     1 |     1 |       |     1 |    82 ||    85
       Paralysed         |       |       |       |       |       |       |       |       |    34 ||    34
       Fleeing           |       |       |       |       |       |       |       |       |     4 ||     4
       Petrifying        |       |       |       |       |       |       |       |       |     1 ||     1
  Eat: Chunk             |       |    10 |    15 |    31 |   236 |    76 |   176 |    12 |    25 ||   581
       Pizza             |       |       |     1 |     3 |     2 |     2 |       |     3 |    15 ||    26
       Fruit             |       |       |     2 |     4 |     5 |     4 |     5 |    18 |    56 ||    94
       Meat ration       |       |       |       |     1 |     1 |     3 |     1 |     3 |    43 ||    52
       Beef jerky        |       |       |       |     1 |       |     1 |       |     2 |    25 ||    29
       Bread ration      |       |       |       |       |     2 |     2 |     2 |     1 |    34 ||    41
       Royal jelly       |       |       |       |       |       |       |       |       |    36 ||    36
Armor: Ring mail         |    11 |    62 |    30 |    43 |       |       |       |       |       ||   146
       Animal skin       |     3 |       |       |       |       |       |       |       |       ||     3
       Chain mail        |       |       |    24 |   107 |       |       |       |       |       ||   131
       Plate armour      |       |       |       |    76 |   440 |       |     8 |       |       ||   524
       Pearl dragon armo |       |       |       |       |    70 |   596 |   194 |   206 |  3053 ||  4119
Dodge: Dodged            |    40 |   100 |    86 |   294 |   452 |   541 |   241 |   312 |  4505 ||  6571
Block: Buckler           |       |       |    12 |    52 |   138 |       |       |       |       ||   202
       Large shield      |       |       |       |       |   421 |   991 |  1009 |  1495 | 16256 || 20172
       Other             |       |       |       |       |       |    25 |     3 |       |    87 ||   115
       Reflection        |       |       |       |       |       |       |   142 |   110 |   539 ||   791
